 Dungeon Crawl Stone Soup version 0.31.0-9-g3a7656b989 (webtiles) character file.

Game seed: 11028472145780085754

25976928 EnegeticOcto the Mummy Ballista (level 27, 249/249 HPs)
             Began as a Mummy Fighter on Feb 3, 2024.
             Was a High Priest of Okawaru.
             Escaped with the Orb
             ... and 15 runes
             ... and 5 gems (3 intact) on Feb 4, 2024!
             The game lasted 05:18:51 (58628 turns).

EnegeticOcto the Mummy Ballista (Mummy Fighter)    Turns: 58628, Time: 05:18:51

Health: 249/249    AC: 36    Str: 37    XL:     27
Magic:  37/37      EV: 21    Int:  8    God:    Okawaru [*****.]
Gold:   4301       SH: 31    Dex: 15    Spells: 40/46 levels left

rFire   + + .        a - +8 demon whip "Demonslayer" {venom, rC+}
rCold   + . .        D - +9 tower shield "Finetsutown" {rC+ Regen+ Str+2 SInv}
rNeg    + + +        B - +8 fire dragon scales
rPois   ∞            E - +0 helmet of Mutualism {rC- Will+ Dex+2 Slay+4}
rElec   +            Z - +2 cloak
rCorr   +            P - +2 pair of gloves {hurl}
SInv    +            s - +2 pair of boots {rampage}
Will    ++++.        x - amulet of regeneration Stlth
                     G - ring "Xegaet" {Fly rElec rCorr Str-2 Slay+5, =R}
HPRegen 2.21/turn    h - ring "Surchyck" {rF+ Str+6}
MPRegen 0.25/turn

%: rampage, faith
@: flying, studying 5 skills
A: cold resistance 1, negative energy resistance 3, torment resistance 2, heat
vulnerability 1, in touch with death 2, no potions, faith
0: Orb of Zot
}: 15/15 runes: barnacled, slimy, silver, golden, iron, obsidian, icy, bone,
abyssal, demonic, glowing, magical, fiery, dark, gossamer
a: Renounce Religion, Heroism, Finesse, Duel


You escaped.
You worshipped Okawaru.
Okawaru was extremely pleased with you.
You visited 18 branches of the dungeon, and saw 88 of its levels.
You visited Pandemonium 1 time, and saw 12 of its levels.
You visited the Abyss 2 times.
You visited 1 ziggurat, and saw 10 of its levels.
You also visited: Trove, Ice Cave and Wizlab.

You collected 13824 gold pieces.
You spent 9523 gold pieces at shops.

Inventory:

Hand Weapons
 a - the +8 demon whip "Demonslayer" (weapon) {venom, rC+}
   (Okawaru gifted it to you on level 2 of the Lair of Beasts)

   rC+:       It protects you from cold.
 b - a +9 heavy eveningstar
   (You found it in a treasure trove)
 j - the +13 sceptre of Asmodeus
   (You took it off Asmodeus on level 7 of Gehenna)

   Fire Summon: It may summon demons of flame and damnation when striking foes.
 l - the +8 hand axe "Joedghose" {heavy, rElec rF+ Dex+2}
   (You found it on level 3 of the Crypt)

   Dex+2:     It affects your dexterity (+2).
   rF+:       It protects you from fire.
   rElec:     It insulates you from electricity.
 p - the +0 flail of Wounding {speed, *Noise +Blink rC+ Dex+4}
   (You bought it in a shop on level 6 of the Dungeon)

   Dex+4:     It affects your dexterity (+4).
   rC+:       It protects you from cold.
   +Blink:    It lets you blink.
   *Noise:    It may make a loud noise when swung.
 K - a +1 trident of distortion
   (You took it off a merfolk on level 2 of the Lair of Beasts)
Missiles
 d - 32 javelins
 g - 2 throwing nets {!f}
 t - 40 atropa-tipped darts
 z - 14 curare-tipped darts
 H - 27 silver javelins
 O - 11 datura-tipped darts
 V - 13 darts of dispersal
Armour
 n - a +2 tower shield of fire resistance
   (You took it off a naga warrior on level 1 of the Depths)
 s - a +2 pair of boots of rampaging (worn)
   (You found it on level 3 of the Elven Halls)
 B - +8 fire dragon scales (worn)
   (You found it on level 1 of the Elven Halls)
 D - the +9 tower shield "Finetsutown" (worn) {rC+ Regen+ Str+2 SInv}
   (You found it on level 7 of Gehenna)

   Str+2:     It affects your strength (+2).
   rC+:       It protects you from cold.
   SInv:      It lets you see invisible.
   Regen+:    It increases your rate of health regeneration.
 E - the +0 helmet of Mutualism (worn) {rC- Will+ Dex+2 Slay+4}
   (You bought it in a shop on level 12 of the Dungeon)

   Dex+2:     It affects your dexterity (+2).
   Slay+4:    It affects your accuracy & damage with ranged weapons and melee
   (+4).
   rC-:       It makes you vulnerable to cold.
   Will+:     It increases your willpower.
 P - a +2 pair of gloves of hurling (worn)
   (You found it on level 2 of the Vaults)
 W - the +2 shield of Resistance {rF++ rC++ Will++}
   (You found it on level 7 of the Iron City of Dis)

   rF++:      It greatly protects you from fire.
   rC++:      It greatly protects you from cold.
   Will++:    It greatly increases your willpower.
 Y - the orb of Dispater {+Damnation *Corrode AC+5}
   (You took it off Dispater on level 7 of the Iron City of Dis)

   +Damnation: It grants the ability to hurl damnation at the cost of health and
   magic, with strength depending on Evocations skill.
   AC+5:      It affects your AC (+5).
   *Corrode:  It may corrode you when you take damage.
 Z - a +2 cloak (worn)
   (You found it on level 14 of the Dungeon)
Jewellery
 h - the ring "Surchyck" (right hand) {rF+ Str+6}
   (You found it on level 3 of the Tomb of the Ancients)

   [ring of strength]

   Str+6:     It affects your strength (+6).
   rF+:       It protects you from fire.
 m - the amulet of the Charming Gods {Spirit -Cast rC+ Regen+ Str+3}
   (You acquired it on level 1 of a ziggurat)

   [amulet of guardian spirit]

   Spirit:    It causes incoming damage to be divided between your reserves of
   health and magic.
   Str+3:     It affects your strength (+3).
   rC+:       It protects you from cold.
   -Cast:     It prevents spellcasting.
   Regen+:    It increases your rate of health regeneration.
 v - the ring of Fusodoi {Will+ Str+7 Dex+3}
   (You found it in Pandemonium)

   [ring of willpower]

   Str+7:     It affects your strength (+7).
   Dex+3:     It affects your dexterity (+3).
   Will+:     It increases your willpower.
 x - an amulet of regeneration (around neck)
   (You found it on level 4 of the Dungeon)
 G - the ring "Xegaet" (left hand) {Fly rElec rCorr Str-2 Slay+5, =R}
   (You acquired it on level 10 of the Dungeon)

   [ring of flight]

   Str-2:     It affects your strength (-2).
   Slay+5:    It affects your accuracy & damage with ranged weapons and melee
   (+5).
   rElec:     It insulates you from electricity.
   Fly:       It grants you flight.
   rCorr:     It protects you from acid and corrosion.
 I - the ring "Aciexua" {rC++ MP+9 Dex-2 Stlth+}
   (You found it in a treasure trove)

   [ring of magical power]

   Dex-2:     It affects your dexterity (-2).
   rC++:      It greatly protects you from cold.
   MP+9:      It affects your magic capacity (+9).
   Stlth+:    It makes you more stealthy.
 L - the brooch of Shielding {Spirit SH+8}
   (You found it on level 7 of Gehenna)

   [amulet of guardian spirit]

   Spirit:    It causes incoming damage to be divided between your reserves of
   health and magic.
   SH+8:      It affects your SH (+8).
 S - the ring of Meuduock {rPois rC+ Will+ rCorr Dex-5}
   (You found it on level 7 of Gehenna)

   [ring of willpower]

   Dex-5:     It affects your dexterity (-5).
   rC+:       It protects you from cold.
   rPois:     It protects you from poison Will+: It increases your willpower.
   rCorr:     It protects you from acid and corrosion.
Wands
 i - a wand of digging (46) {@v3}
   (You found it on level 1 of the Spider Nest)
 q - a wand of quicksilver (34) {@v1}
   (You found it on level 1 of the Shoals)
 R - a wand of mindburst (24)
   (You found it on level 5 of the Lair of Beasts)
 U - a wand of polymorph (8)
   (You found it on level 5 of the Lair of Beasts)
 X - a wand of iceblast (45) {@v2}
   (You found it on level 2 of the Elven Halls)
Scrolls
 c - 2 scrolls of silence {!r}
 e - 3 scrolls of enchant weapon
 f - 8 scrolls of teleportation {@r3 !r}
 k - 2 scrolls of torment
 w - 9 scrolls of vulnerability
 C - 5 scrolls of fear {!r}
 J - 9 scrolls of fog {!r}
 M - 7 scrolls of identify {@r1}
 N - 8 scrolls of immolation
 T - 5 scrolls of poison {!r}
Miscellaneous
 o - a figurine of a ziggurat
 u - a lightning rod (4/4)
   (You bought it in a shop on level 2 of the Depths)
 y - a phial of floods
   (You found it on level 4 of the Shoals)


   Skills:
 O Level 27 Fighting
 - Level 12.0 Maces & Flails
 O Level 27 Throwing
 + Level 20.0 Armour
 + Level 20.5 Dodging
 - Level 22.0 Shields
 - Level 10.0 Spellcasting
 - Level 9.5 Translocations
 - Level 15.0 Invocations
 - Level 6.0 Evocations


You had 40 spell levels left.
You knew the following spells:

 Your Spells              Type           Power      Damage    Failure   Level
a - Apportation           Tloc           38%        N/A       1%          1
p - Passwall              Erth           4%         N/A       67%         3
Y - Blink                 Tloc           38%        N/A       1%          2

Your spell library contained the following spells:

 Spells                   Type           Power      Damage    Failure   Level
 Lesser Beckoning         Tloc           38%        N/A       1%          2
 Manifold Assault         Tloc           19%        N/A       6%          4
 Momentum Strike          Conj/Tloc      22%        3d8       7%          2
 Volatile Blastmotes      Fire/Tloc      22%        2d11      13%         3
 Foxfire                  Conj/Fire      16%        2x1d4     30%         1
 Freeze                   Ice            16%        1d4       30%         1
 Kiss of Death            Conj/Necr      36%        2d8       30%         1
 Magic Dart               Conj           16%        1d3       30%         1
 Necrotise                Necr           36%        1d5       30%         1
 Shock                    Conj/Air       16%        1d4       30%         1
 Slow                     Hex            16%        N/A       30%         1
 Dimensional Bullseye     Hex/Tloc       5%         N/A       41%         4
 Iskenderun's Mystic Bla  Conj/Tloc      11%        2d4       41%         4
 Vhi's Electric Charge    Tloc/Air       22%        N/A       41%         4
 Cigotuvi's Dreadful Rot  Necr/Alch/Air  18%        N/A       43%         2
 Ensorcelled Hibernation  Hex/Ice        8%         N/A       43%         2
 Jinxbite                 Hex            8%         N/A       43%         2
 Mercury Vapours          Alch/Air       8%         N/A       43%         2
 Scorch                   Fire           8%         2d5       43%         2
 Static Discharge         Conj/Air       8%         3-4/arc   43%         2
 Confusing Touch          Hex            4%         N/A       67%         3
 Dazzling Flash           Conj/Hex       8%         N/A       67%         3
 Fugue of the Fallen      Necr           9%         N/A       67%         3
 Hailstorm                Conj/Ice       4%         3d5       67%         3
 Inner Flame              Hex/Fire       4%         N/A       67%         3
 Mephitic Cloud           Conj/Alch/Air  4%         N/A       67%         3
 Ozocubu's Armour         Ice            4%         N/A       67%         3
 Sigil of Binding         Hex            4%         N/A       67%         3
 Stone Arrow              Conj/Erth      8%         3d7       67%         3
 Swiftness                Air            4%         N/A       67%         3
 Vampiric Draining        Necr           9%         2d6       67%         3
 Dispersal                Tloc           9%         N/A       67%         6
 Airstrike                Air            2%         2d(1-17)  97%         4
 Anguish                  Hex/Necr       4%         N/A       97%         4
 Cause Fear               Hex            2%         N/A       97%         4
 Dispel Undead            Necr           9%         3d8       97%         4
 Flame Wave               Conj/Fire      4%         2d5       97%         4
 Fulminant Prism          Conj/Alch      2%         3d5       97%         4
 Ignite Poison            Fire/Alch      4%         N/A       97%         4
 Leda's Liquefaction      Alch/Erth      2%         N/A       97%         4
 Petrify                  Alch/Erth      4%         N/A       97%         4
 Sticky Flame             Fire/Alch      4%         2d4       97%         4
 Alistair's Intoxication  Alch           2%         N/A       100%        5
 Arcjolt                  Conj/Air       2%         1d12      100%        5
 Borgnjor's Vile Clutch   Necr/Erth      4%         N/A       100%        5
 Curse of Agony           Necr           9%         N/A       100%        5
 Fireball                 Conj/Fire      2%         3d4       100%        5
 Freezing Cloud           Conj/Ice/Air   2%         6-21      100%        5
 Irradiate                Conj/Alch      2%         3d12      100%        5
 Iskenderun's Battlesphe  Conj           4%         2d6       100%        5
 Lee's Rapid Deconstruct  Erth           2%         3d4*      100%        5
 Silence                  Hex/Air        2%         N/A       100%        5
 Yara's Violent Unravell  Hex/Alch       2%         3d3       100%        5
 Bombard                  Conj/Erth      2%         9d1       100%        6
 Eringya's Noxious Bog    Alch           2%         4d6       100%        6
 Plasma Beam              Fire/Air       2%         2x1d12    100%        6
 Starburst                Conj/Fire      2%         6d3       100%        6
 Enfeeble                 Hex            2%         N/A       100%        7
 Disjunction              Tloc           9%         N/A       100%        8
 Ignition                 Fire           2%         3d3       100%        8
 Lehudib's Crystal Spear  Conj/Erth      2%         10d2      100%        8
 Maxwell's Capacitive Co  Air            2%         ∞         100%        8
 Chain Lightning          Conj/Air       2%         3d2       100%        9
 Call Canine Familiar     Summ           Unusable   N/A       N/A         3
 Tukima's Dance           Hex            Unusable   N/A       N/A         3
 Animate Armour           Summ/Erth      Unusable   N/A       N/A         4
 Martyr's Knell           Necr/Summ      Unusable   N/A       N/A         4
 Summon Lightning Spire   Summ/Air       Unusable   N/A       N/A         4
 Summon Cactus Giant      Summ           Unusable   N/A       N/A         6
 Malign Gateway           Summ/Tloc      Unusable   N/A       N/A         7
 Spellforged Servitor     Conj/Summ      Unusable   N/A       N/A         7
 Borgnjor's Revivificati  Necr           Unusable   N/A       N/A         8
 Infestation              Necr           Unusable   N/A       N/A         8
 Dragon's Call            Summ           Unusable   N/A       N/A         9

Dungeon Overview and Level Annotations

Branches:
Dungeon (15/15)            Temple (1/1) D:5            Lair (5/5) D:10
 Shoals (4/4) Lair:2       Spider (4/4) Lair:3        Slime (5/5) Lair:4
    Orc (2/2) D:11            Elf (3/3) Orc:2        Vaults (5/5) D:13
  Crypt (3/3) Vaults:3       Tomb (3/3) Crypt:3      Depths (4/4) D:15
   Hell (visited)             Dis (7/7) Hell            Geh (7/7) Hell
    Coc (7/7) Hell            Tar (7/7) Hell            Zot (5/5) Depths:4
  IceCv (visited)          WizLab (visited)

Altars:
Ashenzari
Cheibriados
Dithmenos
Fedhas
Gozag
Hepliaklqana
Kikubaaqudgha
Makhleb
Nemelex Xobeh
Okawaru
Qazlal
Ru
Sif Muna
Trog
Uskayaw
Vehumet
Wu Jian
Xom
Yredelemnul
Jiyva

Shops:
D:1 [   D:5 *   D:6 (   D:9 (   D:12 *(![[   Orc:2 *([(   Elf:1 [   Elf:2 :
Elf:3 ::=   Shoals:3 !   Vaults:5 ???!*=:   Depths:1 !   Depths:2 *:[?
Depths:4 *

Portals:
Hell: Depths:1 Depths:2 Depths:3 Depths:4
Abyss: Depths:4
Pandemonium: Depths:2

Annotations:
Shoals:2 Roxanne
Depths:2 1 runed translucent door, frimble's ghost, adept DsGl
Coc:7 exclusion: ice statue
Tar:3 13 runed translucent doors


Innate Abilities, Weirdness & Mutations

You are immune to poison.
Your flesh is cold resistant. (rC+)
You are immune to negative energy. (rN+++)
You are immune to unholy pain and torment.
You are vulnerable to heat. (rF-)
You are strongly in touch with the powers of death.
You do not drink.
You have a special connection with the divine. (Faith)


Message History

Throw: 35 javelins
Press: ? - help, Q - select action, (/) - cycle Shift-Dir - straight line, f - death scarab
Aim: a death scarab (wandering, hasn't noticed you, 76% to hit)
You throw a javelin.
The javelin barely misses the death scarab.
A death scarab comes into view.
You gain the combat prowess of a mighty hero.
You can no longer enter into single combat with a foe.
Okawaru will no longer gift you throwing weapons.
You block the death scarab's attack.
Throw: 34 javelins
Press: ? - help, Q - select action, (/) - cycle Shift-Dir - straight line, f/p - death scarab
Aim: a death scarab (76% to hit)
You throw a javelin.
The javelin barely misses the death scarab.
You closely miss the death scarab. You block the death scarab's attack. x2
A death scarab comes into view.
Throw: 33 javelins
Press: ? - help, Q - select action, (/) - cycle Shift-Dir - straight line, f/p - death scarab
Aim: a death scarab (76% to hit)
You throw a javelin.
The death scarab's many legs skitter faintly.
The javelin pierces through the death scarab!!
You destroy the death scarab!
Okawaru accepts your kill.
You closely miss the death scarab. You block the death scarab's attack.
Throw: 32 javelins
Press: ? - help, Q - select action, (/) - cycle Shift-Dir - straight line, f - death scarab
Aim: a death scarab (76% to hit)
You throw a javelin.
The javelin pierces through the death scarab!!
The death scarab is almost destroyed.
The javelin pierces through the death scarab!!!!
You destroy the death scarab!
Okawaru accepts your kill.
You hear a faint skittering sound. x4
You thrash the death scarab!!
You destroy the death scarab!
Okawaru accepts your kill.
Casting: Apportation (safe; 1% risk of failure)
Confirm with . or Enter, or press ? or * to list all spells.
Aiming: Apportation (safe; 1% risk of failure)
Press: ? - help, Dir - move target Apport: a javelin Yoink!
You pull the item towards yourself.
You feel yourself speed up.
Throw: 31 javelins
Press: ? - help, Q - select action, (/) - cycle Shift-Dir - straight line, f - death scarab
Aim: a death scarab (wandering, hasn't noticed you, 76% to hit)
You throw a javelin.
The death scarab's many legs skitter faintly.
The javelin pierces through the death scarab!!!
You destroy the death scarab!
Okawaru accepts your kill.
Casting: Apportation (safe; 1% risk of failure)
Confirm with . or Enter, or press ? or * to list all spells.
Aiming: Apportation (safe; 1% risk of failure)
Press: ? - help, Dir - move target Apport: a javelin Yoink!
You pull the item towards yourself.
Casting: Apportation (safe; 1% risk of failure)
Confirm with . or Enter, or press ? or * to list all spells.
Aiming: Apportation (safe; 1% risk of failure)
Press: ? - help, Dir - move target Apport: a javelin Yoink!
You pull the item towards yourself.
Casting: Apportation (safe; 1% risk of failure)
Confirm with . or Enter, or press ? or * to list all spells.
Aiming: Apportation (safe; 1% risk of failure)
Press: ? - help, Dir - move target Apport: a javelin Yoink!
You pull the item towards yourself.
Casting: Apportation (safe; 1% risk of failure)
Confirm with . or Enter, or press ? or * to list all spells.
Aiming: Apportation (safe; 1% risk of failure)
Press: ? - help, Dir - move target Apport: 2 javelins Yoink!
You pull the items towards yourself.
Casting: Apportation (safe; 1% risk of failure)
Confirm with . or Enter, or press ? or * to list all spells.
Aiming: Apportation (safe; 1% risk of failure)
Press: ? - help, Dir - move target Apport: 2 javelins Yoink!
You pull the items towards yourself.
Casting: Apportation (safe; 1% risk of failure)
Confirm with . or Enter, or press ? or * to list all spells.
Aiming: Apportation (safe; 1% risk of failure)
Press: ? - help, Dir - move target Apport: a javelin Yoink!
You pull the item towards yourself.
Casting: Apportation (safe; 1% risk of failure)
Confirm with . or Enter, or press ? or * to list all spells.
Aiming: Apportation (safe; 1% risk of failure)
Press: ? - help, Dir - move target Apport: a javelin Yoink!
You pull the item towards yourself.
Blink to where?
Press: ? - help, Dir - move target
As you read the scroll of blinking {@r4}, it crumbles to dust.
You have escaped!

#.......#####.............'......
#.......######.§...#####.##......
#.......##...#.....#...#.##...##'
#.......##.8.#.....#.8.#.###+##..
#.....####...#.....#...#.........
#.....# ######.....#########.....
#.....###...............# ##..#..
#.......................# #8..#..
########........@.......# ##..#..
##...............# #..#..
#...............# ##..#..
######.....###### #8..#..
##...#.....#...## #.....
##.8.#.....#.8.## #..###
##...#.....#..%#####..#
######.....#####..#⌠..#
#########........###..#


There were no monsters in sight!

Vanquished Creatures
  Cerebov (Pan)
  Antaeus (Coc:7)
  Asmodeus (Geh:7)
  Mnoleg (Pan)
  the Royal Jelly (Slime:5)
  Gloorx Vloq (Pan)
  Ignacio (Pan)
  Ereshkigal (Tar:7)
  Lom Lobon (Pan)
  13 dread liches
  Khufu (Tomb:2)
  6 ancient liches
  Dispater (Dis:7)
  2 orbs of fire (Zot:5)
  A juggernaut (Dis:7)
  14 royal mummies
  Josephina (Crypt:2)
  Sojobo (Crypt:1)
  15 shard shrikes
  Margery (Vaults:5)
  7 Killer Klowns (Zot:5)
  Saint Roka (Orc:2)
  11 caustic shrikes
  3 golden dragons
  Geryon (Hell)
  7 profane servitors
  Jory (Crypt:3)
  3 pandemonium lords (Pan)
  7 bone dragons
  9 hellephants
  4 electric golems
  4 iron giants
  8 Tzitzimimeh
  A spectral shard shrike (Tar:5)
  2 doom hounds
  25 Ice Fiends
  13 Brimstone Fiends
  Rupert (Spider:1)
  23 Orb Guardians
  10 Hell Sentinels
  14 tentacled monstrosities
  13 acid blobs
  A shard shrike skeleton (Abyss:3)
  9 liches
  17 searing wretches
  12 titans
  10 tainted leviathans
  18 sphinxes
  2 deep elf master archers (Elf:3)
  3 quicksilver dragons
  A kraken (Shoals:3)
  Gastronok (D:9)
  8 death cobs
  11 Executioners (Pan)
  Polyphemus (Shoals:2)
  2 deep elf blademasters (Elf:3)
  3 tentacled starspawn (Abyss:3)
  35 ancient champions
  5 shadow dragons
  10 tengu reavers
  A thorn hunter (Abyss:3)
  Kirke (Spider:1)
  3 revenants
  7 azure jellies
  9 storm dragons
  22 narguns
  6 draconian monks
  9 rockslimes
  9 protean progenitors
  4 deep elf sorcerers
  2 draconian knights
  2 fenstrider witches
  3 demonspawn warmongers (Pan)
  5 nagarajas
  Donald (Spider:1)
  Ilsuiw (Shoals:2)
  5 frost giants
  10 quicksilver elementals
  5 iron dragons
  9 fire giants
  25 balrugs
  2 draconian shifters (Zot:4)
  7 shard shrike simulacra
  Louise (D:14)
  16 vault wardens
  An angel (Shoals:4)
  4 deep elf elementalists (Elf:3)
  3 draconian scorchers
  6 ghost moths
  8 emperor scorpions
  3 draconian stormcallers
  2 ghouls
  A curse skull (Crypt:1)
  A spectral caustic shrike (Tar:5)
  12 reapers
  13 cacodemons
  4 demonspawn blood saints (Pan)
  2 broodmothers
  4 orc warlords
  A draconian annihilator (Pan)
  20 ironbound preservers
  8 formless jellyfish
  15 stone giants
  A juggernaut skeleton (Pan)
  9 quicksilver oozes
  11 vampire knights
  10 green draconians
  25 very ugly things
  An ophan (Zig:1)
  8 demonspawn corrupters (Pan)
  6 ironbound thunderhulks
  17 elemental wellsprings
  A demonspawn black sun (Pan)
  19 wendigos
  9 deep elf demonologists
  12 bennus
  9 deep elf death magi
  8 black draconians
  10 deep elf annihilators
  3 putrid mouths
  3 spark wasps (Depths:2)
  A bunyip (Zig:9)
  Azrael (D:15)
  5 lorocyprocas
  15 war gargoyles
  6 yellow draconians
  14 purple draconians
  5 red draconians
  A white draconian (IceCv)
  5 dire elephants
  4 eidola
  8 blizzard demons (Pan)
  Snorg (Lair:4)
  A crystal guardian (Hell)
  18 iron golems
  3 statues (WizLab)
  16 merfolk impalers
  12 green deaths (Pan)
  A quicksilver dragon zombie (D:15)
  16 mummy priests
  11 fire dragons
  7 merfolk javelineers
  13 ettins
  18 jiangshi (Crypt:3)
  An entropy weaver (shapeshifter) (Elf:2)
  6 deep elf high priests
  17 yaktaur captains
  A shambling mangrove (Zig:9)
  2 salamander tyrants
  2 spectral spriggans
  7 ice dragons
  A spriggan zombie (Crypt:2)
  11 hydras
  13 caustic shrike simulacra
  5 great orbs of eyes
  5 entropy weavers
  Erolcha (Orc:2)
  9 rakshasas
  A spectral fenstrider witch (Tar:1)
  37 vault guards
  4 anacondas (Depths:1)
  A peacekeeper (Vaults:4)
  A hell beast (Pan)
  3 juggernaut simulacra
  2 spriggan air magi
  6 stokers
  10 centaur warriors
  4 jorogumos
  8 merfolk aquamancers
  5 catoblepae
  6 death knights
  6 ironbound frosthearts
  4 ogre magi
  7 deep troll shamans
  An alligator (Zig:9)
  3 radroaches
  26 dancing weapons
  3 spriggan skeletons
  An alligator snapping turtle (Shoals:4)
  6 boulder beetles
  3 merfolk avatars
  100 death scarabs
  3 tengu warriors
  12 demonic crawlers
  10 naga warriors (Depths:1)
  9 two-headed ogres
  4 satyrs
  36 hell hogs
  15 death yaks
  3 spriggan berserkers
  8 deep troll earth magi
  2 two-headed ogres (shapeshifter) (Vaults:5)
  3 orc high priests (Orc:2)
  2 thrashing horrors (Abyss:3)
  2 occultists (Depths:4)
  14 sun demons
  9 vampire magi
  35 hell knights
  18 deep elf knights
  11 soul eaters
  4 wretched stars (Abyss:3)
  2 spectral dire elephants
  A spectral storm dragon (Tar:1)
  Nergalle (Lair:3)
  19 shadow wraiths
  Sonja (Lair:1)
  2 titan skeletons
  5 crystal echidnas
  16 sixfirhies (Pan)
  5 pharaoh ants
  A hellephant skeleton (Pan)
  2 salamander mystics
  5 iron trolls
  50 skeletal warriors
  8 skysharks
  5 goliath frogs
  39 deep trolls
  A storm dragon skeleton (D:15)
  3 cherubim
  3 spectral anacondas
  4 sun moths
  6 quicksilver dragon simulacra
  7 glowing orange brains
  12 shadow demons (Pan)
  A spectral bunyip (Tar:2)
  4 arcanists
  13 sea snakes
  A glowing orange brain (shapeshifter) (Vaults:5)
  3 anaconda zombies
  9 orb spiders
  3 swamp dragons
  7 spriggan simulacra
  A golden dragon skeleton (Depths:1)
  A bog body (Zig:9)
  2 spectral iron dragons
  A spriggan druid (Zig:10)
  An alligator zombie (Hell)
  3 anaconda skeletons
  6 flayed ghosts
  An obsidian statue (Vaults:2)
  14 deep elf archers
  18 ironbound convokers
  A lindwurm (shapeshifter) (Vaults:5)
  18 necromancers
  6 starcursed masses (Abyss:3)
  38 deep elf pyromancers
  12 lindwurms
  4 steelbarb worms
  13 harpies
  11 orc knights
  11 phantasmal warriors
  25 wolf spiders
  26 deep elf zephyrmancers
  47 ugly things
  7 fauns
  3 spectral ettins
  5 shining eyes
  A wolf spider (shapeshifter) (Vaults:5)
  10 cyclopes
  3 orc sorcerers
  A worldbinder (Abyss:3)
  A fire giant skeleton (Depths:1)
  A spectral centaur (Tar:2)
  2 elephants
  11 large abominations
  14 moths of wrath
  11 manticores
  6 salamanders
  A tengu skeleton (Vaults:2)
  6 meliai
  A meliai (shapeshifter) (Elf:1)
  8 water nymphs
  9 merfolk sirens
  4 kobold blastminers
  6 naga magi (Depths:1)
  3 rust devils
  6 ice statues
  An eye of devastation (Pan)
  6 molten gargoyles (Hell)
  A storm dragon simulacrum (Tomb:2)
  2 apocalypse crabs (Abyss:3)
  A frost giant skeleton (Depths:1)
  18 vault sentinels
  5 gargoyles
  7 guardian serpents
  A cane toad (shapeshifter) (D:13)
  16 black mambas
  20 orange demons
  11 smoke demons
  2 eyes of devastation (shapeshifter)
  6 titan simulacra
  20 cane toads
  9 rime drakes
  3 unseen horrors (Tar:7)
  2 sea snake zombies (Hell)
  13 torpor snails
  3 iron giant simulacra
  3 efreet
  3 kobold demonologists (D:11)
  32 hellions
  16 komodo dragons
  2 golden dragon simulacra
  18 tengu conjurers
  A green draconian skeleton (Crypt:1)
  19 yaktaurs
  A bunyip simulacrum (Coc:1)
  31 guardian mummies
  20 freezing wraiths
  7 ice devils (Hell)
  21 tormentors
  4 red devils
  2 ancient zymes
  10 harpy zombies
  3 anaconda simulacra
  24 merfolk
  5 trolls
  A human skeleton (Vaults:2)
  A sea snake skeleton (Hell)
  4 polar bears
  8 tyrant leeches
  A troll (shapeshifter) (D:13)
  7 wind drakes
  12 hellwings (Pan)
  A silent spectre (Tar:5)
  18 hornets
  Prince Ribbit (D:5)
  A hydra zombie (Hell)
  A queen bee (Lair:4)
  12 blink frogs
  2 spectral harpies
  2 iron dragon simulacra
  A raiju (shapeshifter) (Depths:1)
  44 tarantellas
  A hydra skeleton (Crypt:1)
  Grinder (D:5)
  3 raiju (Zig:7)
  A glass eye (Slime:5)
  11 snapping turtles
  12 dream sheep
  5 stone giant simulacra
  An ettin zombie (Crypt:2)
  A satyr zombie (Crypt:2)
  44 slime creatures
  A spectral black mamba (Tar:1)
  A fire dragon zombie (Crypt:1)
  42 jumping spiders
  A satyr skeleton (Crypt:2)
  3 hogs (Spider:1)
  5 ynoxinuls
  4 shadows
  26 culicivoras
  3 spriggans
  An ettin skeleton (Vaults:2)
  13 ushabtiu
  11 water elementals
  9 wraiths
  50 yaks
  A centaur simulacrum (Coc:1)
  2 vampires
  4 naga simulacra
  9 basilisks
  4 fire elementals
  5 golden eyes
  7 humans (D:13)
  A yak (shapeshifter) (D:15)
  9 wargs
  20 wyverns
  2 alligator snapping turtle simulacra
  9 dire elephant simulacra
  A black mamba skeleton (Crypt:2)
  A sea snake simulacrum (Hell)
  10 vampire mosquitoes
  12 neqoxecs
  53 redbacks
  4 chaos spawn (Pan)
  A steam dragon (Lair:4)
  20 harpy simulacra
  A naga zombie (Crypt:2)
  A deep troll zombie (Crypt:2)
  An ogre zombie (Vaults:2)
  A naga (Depths:1)
  8 small abominations
  2 acid dragons
  13 hell hounds
  3 hydra simulacra
  26 water moccasins
  2 naga skeletons (Crypt:2)
  2 black bears
  2 ice beasts (D:6)
  6 ettin simulacra
  57 orc warriors
  14 ogres
  30 laughing skulls
  16 wolves
  7 centaurs
  A snapping turtle skeleton (Crypt:1)
  8 boggarts (D:15)
  2 phantoms (D:7)
  A weeping skull (Crypt:3)
  A brain worm (Abyss:3)
  A draconian zombie (Crypt:1)
  3 kobold brigands (D:11)
  14 bullfrogs
  A gnoll sergeant (D:9)
  A wyvern zombie (D:7)
  5 scorpions
  4 necrophages (Crypt:3)
  7 earth elementals
  A water moccasin zombie (D:7)
  4 burial acolytes (Crypt:3)
  11 wights
  A shapeshifter skeleton (Crypt:2)
  6 lindwurm simulacra (IceCv)
  36 killer bees
  A swamp dragon simulacrum (Crypt:3)
  A howler monkey (D:6)
  4 komodo dragon simulacra (IceCv)
  A wolf skeleton (Crypt:1)
  A quasit (Abyss:3)
  3 hounds
  A gnoll bouda (D:11)
  2 jellies
  23 orc priests
  2 iguanas
  37 orc wizards
  2 tengu zombies
  25 mummies
  Robin (D:3)
  4 gnolls
  4 acid dragon simulacra (IceCv)
  5 adders
  2 white imps (D:6)
  7 steam dragon simulacra (IceCv)
  3 dart slugs
  6 ribbon worms
  125 orcs
  13 ball pythons
  3 bats
  7 endoplasms
  5 giant cockroaches
  21 goblins
  11 hobgoblins
  16 kobolds
  7 quokkas
  A ball python skeleton (Crypt:1)
  5 frilled lizards
  A kobold zombie (Crypt:2)
  8 rats
  12 aspiring fleshes
  A butterfly (Depths:1)
  2 creeping infernos
  A fire vortex (Geh:3)
  A lurking horror (Abyss:3)
  3 tentacles (Shoals:3)
3736 creatures vanquished.

Vanquished Creatures (others)
  A dread lich (Geh:2)
  A shard shrike simulacrum (Coc:3)
  A caustic shrike simulacrum (Coc:4)
  A juggernaut simulacrum (Coc:4)
  A merfolk aquamancer (Shoals:4)
  A naga warrior (Depths:1)
  A quicksilver dragon simulacrum (Crypt:2)
  A spriggan simulacrum (Crypt:2)
  A smoke demon (Pan)
  A moth of wrath (Zot:5)
  An iron giant simulacrum (Coc:4)
  A tarantella (Spider:4)
  An iron dragon simulacrum (Coc:4)
  A fire elemental (Elf:1)
  A minotaur simulacrum (Crypt:2)
  An orc wizard (Orc:2)
  A lurking horror (Pan)
  9 starspawn tentacles
  7 tentacles (Shoals:3)
33 creatures vanquished.

Grand Total: 3769 creatures vanquished

Notes
Turn   | Place    | Note
-------+----------+-------------------------------------------
     0 | D:1      | EnegeticOcto the Mummy Fighter began the quest for the Orb.
     0 | D:1      | Reached XP level 1. HP: 18/18 MP: 1/1
   102 | D:1      | Reached skill level 2 in Maces & Flails
   112 | D:1      | Found Hykej's Antique Armour Emporium.
   134 | D:1      | Reached XP level 2. HP: 24/24 MP: 2/2
   489 | D:1      | Reached XP level 3. HP: 29/29 MP: 3/3
   543 | D:2      | Reached skill level 3 in Maces & Flails
   841 | D:2      | Got An Introduction to Theurgy
  1510 | D:3      | Reached XP level 4. HP: 35/35 MP: 4/4
  1574 | D:3      | Found a burning altar of Makhleb.
  1574 | D:3      | Found a blossoming altar of Fedhas.
  1627 | D:3      | Noticed Robin
  1632 | D:3      | Reached skill level 4 in Maces & Flails
  1766 | D:3      | Killed Robin
  2081 | D:3      | Reached XP level 5. HP: 33/41 MP: 5/5
  2185 | D:3      | Found a sacrificial altar of Ru.
  2490 | D:4      | You fall into a shaft and drop 1 floor!
  2490 | D:5      | Entered Level 5 of the Dungeon
  2497 | D:4      | Reached skill level 5 in Maces & Flails
  2539 | D:5      | Reached XP level 6. HP: 23/47 MP: 6/6
  2593 | D:5      | Found a staircase to the Ecumenical Temple.
  2615 | Temple   | Entered the Ecumenical Temple
  2623 | Temple   | Became a worshipper of Warmaster Okawaru
  2678 | D:5      | Found Cyigepas's General Store.
  2682 | D:5      | Bought a wand of flame (10) for 84 gold pieces
  2682 | D:5      | Bought a scroll of teleportation for 36 gold pieces
  2682 | D:5      | Bought a scroll of brand weapon for 114 gold pieces
  2850 | D:5      | Found a shimmering altar of Xom.
  2852 | D:5      | Noticed Grinder
  2871 | D:5      | Killed Grinder
  2872 | D:5      | Reached XP level 7. HP: 44/52 MP: 7/7
  2938 | D:5      | Noticed Prince Ribbit
  2947 | D:5      | Killed Prince Ribbit
  2947 | D:5      | Reached * piety under Okawaru
  2948 | D:5      | Reached skill level 6 in Maces & Flails
  2948 | D:5      | Reached skill level 3 in Armour
  2948 | D:5      | Reached skill level 3 in Shields
  3469 | D:4      | Reached skill level 4 in Fighting
  3802 | D:5      | Reached XP level 8. HP: 58/60 MP: 8/8
  3850 | D:5      | Identified the +3 hand axe "Soublu" {freeze, rElec rN+}
  4370 | D:6      | Found a radiant altar of Vehumet.
  4529 | D:6      | Reached ** piety under Okawaru
  4530 | D:6      | Reached skill level 7 in Maces & Flails
  4616 | D:6      | Found Bodo's Antique Weapon Boutique.
  4731 | D:6      | Found a bloodstained altar of Trog.
  4778 | D:7      | Reached skill level 4 in Armour
  4800 | D:7      | Reached skill level 4 in Shields
  4814 | D:7      | Reached skill level 5 in Fighting
  4826 | D:7      | Noticed a cyclops
  4841 | D:7      | Killed a cyclops
  4841 | D:7      | Reached *** piety under Okawaru
  4842 | D:7      | Reached XP level 9. HP: 68/68 MP: 6/9
  4874 | D:7      | Reached skill level 8 in Maces & Flails
  4963 | D:7      | Reached skill level 1 in Invocations
  5037 | D:7      | Reached skill level 6 in Fighting
  5059 | D:7      | Reached **** piety under Okawaru
  5077 | D:7      | Reached skill level 2 in Invocations
  5229 | D:7      | Found a basalt altar of Yredelemnul.
  5586 | D:8      | Reached skill level 9 in Maces & Flails
  5755 | D:8      | Reached skill level 3 in Invocations
  5993 | D:9      | Noticed a troll
  6012 | D:9      | Killed a troll
  6013 | D:9      | Reached skill level 7 in Fighting
  6013 | D:9      | Reached XP level 10. HP: 62/79 MP: 9/12
  6296 | D:9      | Noticed Gastronok
  6313 | D:9      | Killed Gastronok
  6313 | D:9      | Reached ***** piety under Okawaru
  6313 | D:9      | Received a gift from Okawaru
  6314 | D:9      | Reached skill level 10 in Maces & Flails
  6314 | D:9      | Reached skill level 1 in Throwing
  6314 | D:9      | Reached skill level 4 in Invocations
  6452 | D:9      | Noticed a two-headed ogre
  6460 | D:9      | Killed a two-headed ogre
  6461 | D:9      | Reached skill level 2 in Throwing
  6693 | D:9      | Found Yruisk's Antique Weapon Emporium.
  6729 | D:9      | Noticed a two-headed ogre
  6740 | D:9      | Killed a two-headed ogre
  6741 | D:9      | Reached skill level 8 in Fighting
  7118 | D:6      | Bought a jewelled flail for 289 gold pieces
  7118 | D:6      | Identified the +0 flail of Wounding {speed, *Noise +Blink
                  | rC+ Dex+4} (You bought it in a shop on level 6 of the
                  | Dungeon)
  7214 | D:10     | Entered Level 10 of the Dungeon
  7220 | D:10     | Noticed an eight-headed hydra
  7255 | D:10     | Reached XP level 11. HP: 75/86 MP: 7/14
  7262 | D:10     | Reached skill level 5 in Invocations
  7311 | D:9      | Killed an eight-headed hydra
  7312 | D:9      | Reached skill level 5 in Armour
  7444 | D:9      | Reached skill level 3 in Throwing
  7493 | D:10     | Noticed an orc knight
  7521 | D:10     | Killed an orc knight
  7525 | D:10     | Noticed an ogre mage
  7571 | D:10     | Killed an ogre mage
  7574 | D:10     | Noticed an arcanist
  7586 | D:10     | Killed an arcanist
  7587 | D:10     | Reached skill level 11 in Maces & Flails
  7630 | D:10     | Found a staircase to the Lair.
  7784 | D:10     | Received a gift from Okawaru
  7868 | D:10     | Identified a scroll of acquirement
  7869 | D:10     | Acquired the ring "Xegaet" {Fly rElec rCorr Str-2 Slay+5}
  8182 | Lair:1   | Entered Level 1 of the Lair of Beasts
  8346 | Lair:1   | Reached skill level 4 in Throwing
  8562 | Lair:1   | Reached skill level 6 in Invocations
  8633 | Lair:1   | Reached skill level 9 in Fighting
  8801 | Lair:1   | Noticed Sonja
  8823 | Lair:1   | Killed Sonja
  8824 | Lair:1   | Reached XP level 12. HP: 90/95 MP: 16/16
  9161 | Lair:2   | Reached skill level 6 in Armour
  9187 | Lair:2   | Reached ****** piety under Okawaru
  9188 | Lair:2   | Acquired the +8 demon whip "Demonslayer" {venom, rC+}
  9188 | Lair:2   | Received a gift from Okawaru
  9191 | Lair:2   | Acquired the scarf "Juojenyk" {shadows, *Corrode Str+3
                  | Int+7 Dex-4}
  9191 | Lair:2   | Received a gift from Okawaru
  9194 | Lair:2   | Received a gift from Okawaru
  9247 | Lair:2   | Found a staircase to the Shoals.
  9254 | Lair:2   | Reached skill level 5 in Shields
  9788 | Lair:2   | Received a gift from Okawaru
  9846 | Lair:2   | Reached skill level 12 in Maces & Flails
 10066 | Lair:3   | Reached skill level 5 in Throwing
 10198 | Lair:3   | Found a hole to the Spider Nest.
 10287 | Lair:3   | Reached skill level 7 in Invocations
 10349 | Lair:3   | Noticed a death yak
 10352 | Lair:3   | Noticed a death yak
 10357 | Lair:3   | Noticed a death yak
 10361 | Lair:3   | Reached skill level 10 in Fighting
 10365 | Lair:3   | Noticed a death yak
 10370 | Lair:3   | Killed a death yak
 10371 | Lair:3   | Reached skill level 6 in Shields
 10378 | Lair:3   | Killed a death yak
 10384 | Lair:3   | Killed a death yak
 10384 | Lair:3   | Received a gift from Okawaru
 10392 | Lair:3   | Noticed a six-headed hydra
 10401 | Lair:3   | Killed a death yak
 10402 | Lair:3   | Reached skill level 6 in Throwing
 10402 | Lair:3   | Gained mutation: You are strongly in touch with the powers
                  | of death. [Mummy growth]
 10402 | Lair:3   | Reached XP level 13. HP: 89/103 MP: 13/18
 10428 | Lair:3   | Noticed Nergalle
 10435 | Lair:3   | Reached skill level 8 in Invocations
 10455 | Lair:3   | Killed Nergalle
 11298 | Lair:4   | Received a gift from Okawaru
 11320 | Lair:4   | Reached skill level 7 in Shields
 11385 | Lair:4   | Reached skill level 7 in Throwing
 11605 | Lair:4   | Reached skill level 9 in Invocations
 11626 | Lair:4   | Received a gift from Okawaru
 11801 | Lair:4   | Found a staircase to the Slime Pits.
 11801 | Lair:4   | Found a viscous altar of Jiyva.
 11835 | Lair:4   | Noticed Snorg
 11844 | Lair:4   | Killed Snorg
 12195 | Lair:5   | Entered Level 5 of the Lair of Beasts
 12243 | Lair:5   | Reached skill level 8 in Shields
 12423 | Lair:5   | Received a gift from Okawaru
 12424 | Lair:5   | Reached skill level 8 in Throwing
 12595 | Lair:5   | Reached XP level 14. HP: 102/110 MP: 21/21
 12708 | Lair:5   | Received a gift from Okawaru
 12789 | Lair:5   | Reached skill level 10 in Invocations
 13133 | Lair:5   | Received a gift from Okawaru
 13145 | Lair:5   | Reached skill level 9 in Shields
 13162 | Lair:5   | Reached skill level 9 in Throwing
 13663 | Lair:5   | Received a gift from Okawaru
 14154 | D:11     | Found a staircase to the Orcish Mines.
 14537 | D:11     | Reached skill level 11 in Invocations
 14723 | Orc:1    | Entered Level 1 of the Orcish Mines
 14859 | Orc:2    | Entered Level 2 of the Orcish Mines
 14982 | Orc:2    | Found a staircase to the Elven Halls.
 15051 | Orc:1    | Received a gift from Okawaru
 15445 | Orc:2    | Found Foolidin's Assorted Antiques.
 15873 | Orc:2    | Reached skill level 10 in Shields
 15893 | Orc:2    | Noticed an orc warlord
 15912 | Orc:2    | Reached skill level 10 in Throwing
 15923 | Orc:2    | Killed an orc warlord
 15929 | Orc:2    | Reached XP level 15. HP: 115/115 MP: 17/23
 15950 | Orc:2    | Found Zikeuv's Antique Armour Emporium.
 15955 | Orc:2    | Found Puemnor's Antique Weapon Shoppe.
 15966 | Orc:2    | Bought a pair of glowing gloves for 225 gold pieces
 15978 | Orc:2    | Bought a heavily runed scale mail for 270 gold pieces
 15978 | Orc:2    | Identified the +3 scale mail of Failure {rC+ Dex+5} (You
                  | bought it in a shop on level 2 of the Orcish Mines)
 16173 | Orc:2    | Received a gift from Okawaru
 16306 | Orc:2    | Noticed Erolcha
 16323 | Orc:2    | Killed Erolcha
 16359 | Orc:2    | Noticed Saint Roka
 16366 | Orc:2    | Reached skill level 12 in Invocations
 16389 | Orc:2    | Killed Saint Roka
 16389 | Orc:2    | Received a gift from Okawaru
 16558 | Orc:2    | Found Xies's Antique Weapon Boutique.
 16877 | D:12     | Found Yjiathih's Distillery.
 16915 | D:12     | Found Leuh's Antique Armour Shop.
 16923 | D:12     | Bought an ichor-stained helmet for 266 gold pieces
 16923 | D:12     | Identified the +0 helmet of Mutualism {rC- Will+ Dex+2
                  | Slay+4} (You bought it in a shop on level 12 of the
                  | Dungeon)
 16933 | D:12     | Found Plog's Armour Emporium.
 17092 | D:12     | Found Komey's Assorted Antiques.
 17100 | D:12     | Bought a scroll of enchant armour for 187 gold pieces
 17331 | D:12     | Found a transporter.
 17331 | D:12     | Found Remiu's Antique Weapon Shop.
 17373 | D:12     | Found a transporter.
 17427 | D:13     | Found a frozen archway.
 17440 | IceCv    | Entered an ice cave
 17731 | IceCv    | Identified the ring of Xom's Entertainment {rF- rN+ Int+2
                  | Dex+6}
 17838 | D:13     | Reached skill level 1 in Dodging
 17852 | D:13     | Received a gift from Okawaru
 17887 | D:13     | Found a gate to the Vaults.
 18025 | D:13     | Reached skill level 11 in Throwing
 18050 | D:13     | Found a blossoming altar of Fedhas.
 18190 | D:13     | Reached skill level 2 in Dodging
 18454 | D:13     | Received a gift from Okawaru
 18887 | D:14     | Received a gift from Okawaru
 18945 | D:14     | Noticed Louise
 18986 | D:14     | Killed Louise
 19030 | D:14     | Reached skill level 3 in Dodging
 19116 | D:14     | Reached XP level 16. HP: 123/124 MP: 25/25
 19253 | D:14     | Received a gift from Okawaru
 19287 | D:14     | Reached skill level 7 in Armour
 19451 | D:14     | Reached skill level 11 in Fighting
 19514 | D:14     | Got the Spellbook of Breccia
 19737 | D:14     | Received a gift from Okawaru
 19911 | D:15     | Entered Level 15 of the Dungeon
 20035 | D:15     | Reached skill level 4 in Dodging
 20044 | D:15     | Reached skill level 13 in Invocations
 20050 | D:15     | Found a staircase to the Depths.
 20193 | D:15     | Received a gift from Okawaru
 20271 | D:15     | Noticed Azrael
 20544 | D:15     | Killed Azrael
 21277 | Shoals:1 | Entered Level 1 of the Shoals
 21306 | Shoals:1 | Reached skill level 11 in Shields
 21379 | Shoals:1 | Found a hide-covered altar of Uskayaw.
 21555 | Shoals:1 | Got the Quarto of Assistive Lightning
 21657 | Shoals:1 | Received a gift from Okawaru
 22282 | Shoals:2 | Reached skill level 8 in Armour
 22289 | Shoals:2 | Reached skill level 5 in Dodging
 22456 | Shoals:2 | Received a gift from Okawaru
 22504 | Shoals:2 | Noticed Polyphemus
 22530 | Shoals:2 | Reached skill level 12 in Throwing
 22535 | Shoals:2 | Killed Polyphemus
 22540 | Shoals:2 | Reached XP level 17. HP: 123/133 MP: 27/27
 22653 | Shoals:2 | Got Sif Muna's Easy Theurgy
 22698 | Shoals:2 | Noticed Roxanne
 22751 | Shoals:2 | Reached skill level 12 in Fighting
 22769 | Shoals:2 | Received a gift from Okawaru
 22980 | Shoals:3 | Noticed Ilsuiw
 23001 | Shoals:2 | Killed Ilsuiw
 23062 | Shoals:3 | Found Iwkuen's Distillery.
 23793 | Shoals:3 | Noticed a kraken
 23819 | Shoals:3 | Killed a kraken
 23887 | Shoals:4 | Entered Level 4 of the Shoals
 23984 | Shoals:3 | Received a gift from Okawaru
 24160 | Shoals:4 | Identified the amulet of Ogenk {Reflect rPois Dex+2 SH+5}
 24171 | Shoals:4 | Reached skill level 9 in Armour
 24171 | Shoals:4 | Reached skill level 14 in Invocations
 24429 | Shoals:4 | Reached skill level 12 in Shields
 24464 | Shoals:4 | Got a barnacled rune of Zot
 24656 | Shoals:4 | Identified the +11 mace "Wuownutu" {elec, ^Drain rF+ rN+}
 24671 | Shoals:4 | Reached skill level 1 in Evocations
 24688 | Shoals:4 | Received a gift from Okawaru
 24720 | Shoals:4 | Identified the staff "Roxkaf" {rElec Will- Dex+5 Tloc Fire
                  | Air}
 24894 | Spider:1 | Entered Level 1 of the Spider Nest
 24904 | Spider:1 | Noticed Rupert
 24918 | Spider:1 | Killed Rupert
 24919 | Spider:1 | Reached skill level 13 in Fighting
 25066 | Spider:1 | Reached skill level 2 in Evocations
 25139 | Spider:1 | Noticed Kirke
 25140 | Spider:1 | Noticed Donald
 25158 | Spider:1 | Killed Kirke
 25158 | Spider:1 | Received a gift from Okawaru
 25174 | Spider:1 | Killed Donald
 25246 | Spider:1 | Reached XP level 18. HP: 143/143 MP: 28/28
 25956 | Spider:2 | Received a gift from Okawaru
 26026 | Spider:2 | Reached skill level 3 in Evocations
 26038 | Spider:2 | Reached skill level 10 in Armour
 26461 | Spider:2 | You are sucked into a shaft and drop 1 floor!
 26747 | Spider:2 | Received a gift from Okawaru
 28044 | Spider:4 | Entered Level 4 of the Spider Nest
 28058 | Spider:3 | Received a gift from Okawaru
 28133 | Spider:3 | Reached skill level 4 in Evocations
 28836 | Spider:4 | Reached skill level 6 in Dodging
 28859 | Spider:4 | Reached skill level 15 in Invocations
 28869 | Spider:4 | Received a gift from Okawaru
 28879 | Spider:4 | Reached skill level 14 in Fighting
 29026 | Spider:4 | Reached skill level 13 in Shields
 29041 | Spider:4 | Reached XP level 19. HP: 118/152 MP: 0/30
 29044 | Spider:4 | Got a gossamer rune of Zot
 29298 | Slime:1  | Entered Level 1 of the Pits of Slime
 29331 | Slime:1  | Received a gift from Okawaru
 29463 | Slime:2  | Reached skill level 5 in Evocations
 29648 | Slime:3  | Received a gift from Okawaru
 29728 | Slime:5  | Entered Level 5 of the Pits of Slime
 29829 | Slime:5  | Noticed the Royal Jelly
 29833 | Slime:5  | Killed the Royal Jelly
 29833 | Slime:5  | Received a gift from Okawaru
 29834 | Slime:5  | Reached skill level 13 in Throwing
 29834 | Slime:5  | Reached skill level 7 in Dodging
 29853 | Slime:5  | Received a gift from Okawaru
 29854 | Slime:5  | Reached skill level 6 in Evocations
 29876 | Slime:5  | Found the +8 frozen axe "Frostbite" {freeze, freezing
                  | cloud, *Noise Fly rC+}
 29922 | Slime:5  | Got a slimy rune of Zot
 29923 | Slime:5  | Identified the ring "Otza Hyt" {Wiz rC- rCorr Str+2 Int+3}
 29934 | Slime:5  | Got a starry gem with 171 turns to spare
 29962 | Slime:5  | Identified the staff "Ceahu" {Str+4 Earth}
 29997 | Slime:5  | Identified the ring of the Unicorn {rC+ Str+3}
 30002 | Slime:5  | Identified the +0 scale mail of the Leaf {rCorr MP+9
                  | Stlth+}
 30003 | Slime:5  | Identified the +4 ring mail "Faenk" {rN+ Will+ Stlth+}
 30102 | Slime:1  | Lost the starry gem through the power of Zot.
 30294 | Elf:1    | Entered Level 1 of the Elven Halls
 30460 | Elf:1    | Received a gift from Okawaru
 30565 | Elf:1    | Reached skill level 15 in Fighting
 30706 | Elf:1    | Reached skill level 8 in Dodging
 30818 | Elf:1    | Reached XP level 20. HP: 161/162 MP: 31/31
 30846 | Elf:1    | Received a gift from Okawaru
 30997 | Elf:1    | Found Teset's Antique Armour Emporium.
 31101 | Elf:1    | Identified the +3 robe of Action {Fly rC- Int+4}
 31316 | Elf:2    | Found Usiadoah's Book Boutique.
 31404 | Elf:2    | Reached skill level 14 in Shields
 31664 | Elf:2    | Received a gift from Okawaru
 31820 | Elf:3    | Entered Level 3 of the Elven Halls
 32107 | Elf:3    | Found Byungoobb's Jewellery Boutique.
 32107 | Elf:3    | Found Ceoror's Book Emporium.
 32108 | Elf:3    | Found Ejuch's Book Emporium.
 32220 | Elf:3    | Received a gift from Okawaru
 32229 | Elf:3    | Reached skill level 14 in Throwing
 32229 | Elf:3    | Reached skill level 9 in Dodging
 32419 | Elf:3    | Reached skill level 16 in Fighting
 32431 | Elf:3    | Identified the ring "Joefyeg" {rPois rN+ MP+9}
 32512 | Elf:3    | Received a gift from Okawaru
 32550 | Elf:3    | Identified the +1 long sword "Beast's Death" {spect,
                  | *Corrode rPois Int+4}
 32739 | Elf:3    | Identified the +3 orcbow "Vaoboohees" {speed, rN+}
 32768 | Elf:3    | Identified the +5 hand axe of Finwy {distort, Str+3 Int-5
                  | Dex+6}
 33114 | Vaults:1 | Entered Level 1 of the Vaults
 33373 | Vaults:1 | Received a gift from Okawaru
 33482 | Vaults:1 | Acquired 876 gold pieces
 33484 | Vaults:1 | Acquired 812 gold pieces
 33769 | Vaults:2 | Reached XP level 21. HP: 172/172 MP: 32/32
 33828 | Vaults:1 | Received a gift from Okawaru
 34414 | Vaults:2 | Received a gift from Okawaru
 34415 | Vaults:2 | Reached skill level 17 in Fighting
 34476 | Vaults:2 | Found a transporter.
 34487 | Vaults:2 | Found a transporter.
 34535 | Vaults:2 | Reached skill level 10 in Dodging
 34543 | Vaults:2 | Reached skill level 15 in Throwing
 34582 | Vaults:2 | Identified the +6 orcbow of Wicked Courage {elec, Str+2}
 34587 | Vaults:2 | Identified the ring "Gyxtuodo" {rElec rN+}
 34816 | Vaults:2 | Received a gift from Okawaru
 34868 | Vaults:2 | Reached skill level 15 in Shields
 35268 | Vaults:3 | Found a staircase to the Crypt.
 35268 | Vaults:3 | Found an ancient bone altar of Kikubaaqudgha.
 35269 | Vaults:3 | Found a basalt altar of Yredelemnul.
 35461 | Vaults:3 | Learned a level 1 spell: Apportation
 35464 | Vaults:3 | Learned a level 2 spell: Blink
 35468 | Vaults:3 | Learned a level 3 spell: Passwall
 35869 | Vaults:4 | Received a gift from Okawaru
 35961 | Vaults:4 | Identified the +0 triple crossbow "Arbiter" {freeze, rPois
                  | SInv}
 36396 | Vaults:4 | Reached skill level 18 in Fighting
 36517 | Vaults:5 | Entered Level 5 of the Vaults
 36518 | Vaults:5 | Found Kutemed's Distillery.
 36518 | Vaults:5 | Noticed an ancient lich
 36530 | Vaults:5 | Killed an ancient lich
 36530 | Vaults:5 | Received a gift from Okawaru
 36574 | Vaults:5 | Reached XP level 22. HP: 98/184 MP: 29/33
 36598 | Vaults:5 | Got a shining gem with 671 turns to spare
 36600 | Vaults:5 | Got a silver rune of Zot
 36796 | Vaults:5 | Noticed a dread lich
 36799 | Vaults:5 | Noticed a golden dragon
 36801 | Vaults:5 | Killed a dread lich
 36801 | Vaults:5 | Received a gift from Okawaru
 36802 | Vaults:5 | Reached skill level 16 in Throwing
 36811 | Vaults:5 | Killed a golden dragon
 36904 | Vaults:5 | Received a gift from Okawaru
 36914 | Vaults:5 | Reached skill level 11 in Dodging
 36979 | Vaults:5 | Noticed a dread lich
 36994 | Vaults:5 | Killed a dread lich
 36998 | Vaults:5 | Noticed an ancient lich
 37001 | Vaults:5 | Killed an ancient lich
 37010 | Vaults:5 | Received a gift from Okawaru
 37020 | Vaults:5 | Reached skill level 19 in Fighting
 37123 | Vaults:5 | Found Qephem's Book Boutique.
 37123 | Vaults:5 | Found Fefieggu's Jewellery Boutique.
 37151 | Vaults:5 | Found Cusuran's General Store.
 37191 | Vaults:5 | Found Ududaur's General Store.
 37210 | Vaults:5 | Identified the +1 chain mail "Der Sapt" {rF+ Dex+3}
 37281 | Vaults:5 | Received a gift from Okawaru
 37365 | Vaults:5 | Noticed Margery
 37371 | Vaults:5 | Killed Margery
 37394 | Vaults:5 | Found Guonukock's Magic Scroll Shop.
 37394 | Vaults:5 | Found Nuux Haxt's Magic Scroll Shoppe.
 37398 | Vaults:5 | Bought a scroll of revelation for 150 gold pieces
 37398 | Vaults:5 | Bought a scroll of revelation for 150 gold pieces
 37398 | Vaults:5 | Bought a scroll of teleportation for 60 gold pieces
 37398 | Vaults:5 | Bought a scroll of enchant armour for 150 gold pieces
 37398 | Vaults:5 | Bought a scroll of fog for 80 gold pieces
 37406 | Vaults:5 | Bought a scroll of revelation for 120 gold pieces
 37406 | Vaults:5 | Bought a scroll of teleportation for 48 gold pieces
 37434 | Vaults:5 | Found Fiuj's Magic Scroll Boutique.
 37438 | Vaults:5 | Bought a scroll of acquirement for 884 gold pieces
 37438 | Vaults:5 | Bought a scroll of teleportation for 51 gold pieces
 37438 | Vaults:5 | Bought a scroll of fog for 68 gold pieces
 37438 | Vaults:5 | Bought a scroll of blinking for 127 gold pieces
 37438 | Vaults:5 | Acquired a manual of Armour
 37542 | Vaults:5 | Lost the shining gem through the power of Zot.
 37736 | Vaults:5 | Bought the ring "Nuje Dimm" {Will++ rCorr Int+2 Dex+6} for
                  | 868 gold pieces
 37833 | Vaults:4 | Reached skill level 1 in Spellcasting
 37849 | Vaults:4 | Reached XP level 23. HP: 170/194 MP: 27/34
 37856 | Vaults:4 | Reached skill level 17 in Throwing
 37879 | Vaults:4 | Reached skill level 2 in Spellcasting
 38060 | Crypt:1  | Entered Level 1 of the Crypt
 38069 | Crypt:1  | Noticed Sojobo
 38084 | Crypt:1  | Killed Sojobo
 38085 | Crypt:1  | Reached skill level 1 in Translocations
 38125 | Crypt:1  | Reached skill level 3 in Spellcasting
 38170 | Crypt:1  | Received a gift from Okawaru
 38275 | Crypt:1  | Reached skill level 16 in Shields
 38427 | Crypt:1  | Reached skill level 4 in Spellcasting
 38669 | Crypt:1  | Reached skill level 2 in Translocations
 38893 | Crypt:2  | Received a gift from Okawaru
 38908 | Crypt:2  | Reached skill level 5 in Spellcasting
 39007 | Crypt:2  | Identified the ring of Mowk {Ice rCorr Stlth+}
 39007 | Crypt:2  | Noticed Josephina
 39025 | Crypt:2  | Killed Josephina
 39315 | Crypt:2  | Reached skill level 20 in Fighting
 39464 | Crypt:2  | Reached skill level 6 in Spellcasting
 39482 | Crypt:3  | Entered Level 3 of the Crypt
 39562 | Crypt:3  | Received a gift from Okawaru
 39713 | Crypt:3  | Reached skill level 3 in Translocations
 39722 | Crypt:3  | Reached skill level 11 in Armour
 39833 | Crypt:3  | Found a basalt altar of Yredelemnul.
 39968 | Crypt:3  | Reached skill level 7 in Spellcasting
 40145 | Crypt:3  | Received a gift from Okawaru
 40274 | Crypt:3  | Reached skill level 8 in Spellcasting
 40289 | Crypt:3  | Identified the +8 hand axe "Joedghose" {heavy, rElec rF+
                  | Dex+2}
 40291 | Crypt:3  | Got Sif Muna's Monograph on Scintillating Coordinates
 40457 | Crypt:3  | Got the Tome of Skeletons
 40514 | Crypt:3  | Reached skill level 4 in Translocations
 40520 | Crypt:3  | Received a gift from Okawaru
 40613 | Crypt:3  | Found a staircase to the Tomb.
 40613 | Crypt:3  | Noticed Jory
 40645 | Crypt:3  | Killed Jory
 41046 | Depths:1 | Entered Level 1 of the Depths
 41076 | D:15     | Reached skill level 18 in Throwing
 41142 | Depths:1 | Found a one-way gateway to a ziggurat.
 41189 | Zig:1    | Entered Level 1 of a ziggurat
 41195 | Zig:1    | Reached XP level 24. HP: 204/204 MP: 29/35
 41206 | Zig:2    | Entered Level 2 of a ziggurat
 41209 | Zig:2    | Noticed a dread lich
 41216 | Zig:2    | Killed a dread lich
 41217 | Zig:2    | Reached skill level 12 in Armour
 41224 | Zig:3    | Entered Level 3 of a ziggurat
 41263 | Zig:3    | Identified the +7 hand axe "Eqazizoh" {heavy, Fly rPois
                  | Will- rCorr}
 41268 | Zig:4    | Entered Level 4 of a ziggurat
 41308 | Zig:5    | Entered Level 5 of a ziggurat
 41351 | Zig:6    | Entered Level 6 of a ziggurat
 41409 | Zig:7    | Entered Level 7 of a ziggurat
 41478 | Zig:7    | Identified the +9 hand axe "Omiggann" {protect, rC+ Str+4
                  | Int+2}
 41545 | Zig:8    | Entered Level 8 of a ziggurat
 41638 | Zig:8    | Identified the +1 chain mail of Reason {+Blink}
 41704 | Zig:9    | Entered Level 9 of a ziggurat
 41813 | Zig:10   | Entered Level 10 of a ziggurat
 41915 | Zig:10   | Identified the staff of the First Nightmares {Fly rF+ rN+
                  | Necro}
 41916 | Zig:10   | Identified the +1 buckler of the Unbearable Yeti {rCorr
                  | Str+5 Int+3 Dex-5}
 42017 | Depths:1 | Received a gift from Okawaru
 42095 | Depths:1 | Reached skill level 13 in Armour
 42337 | Depths:1 | Reached skill level 17 in Shields
 42406 | Depths:1 | Reached skill level 21 in Fighting
 42406 | Depths:1 | Reached skill level 19 in Throwing
 42506 | Depths:1 | Received a gift from Okawaru
 42674 | Depths:1 | Found a gateway to Hell.
 42690 | Depths:1 | Found a portal to a secret trove of treasure.
 42875 | D:12     | Bought the +4 consecrated labrys {holy, Valiant ^Fragile
                  | Fly SInv} for 1116 gold pieces
 42875 | D:12     | Found the +4 consecrated labrys {holy, Valiant ^Fragile Fly
                  | SInv}
 42981 | Depths:1 | You paid a toll of the consecrated labrys to enter a
                  | treasure trove
 42982 | Trove    | Entered a treasure trove
 43008 | Trove    | Identified the ring "Aciexua" {rC++ MP+9 Dex-2 Stlth+}
 43016 | Trove    | Identified the amulet "Vianaf" {Acrobat rF+++ Will- rCorr
                  | Dex+5}
 43036 | Depths:1 | Acquired the amulet of the Charming Gods {Spirit -Cast rC+
                  | Regen+ Str+3}
 43055 | Depths:1 | Found Viavycko's Distillery.
 43100 | Depths:2 | Found Faofa's Magic Scroll Shoppe.
 43103 | Depths:2 | Bought a scroll of enchant armour for 112 gold pieces
 43225 | Depths:2 | Found a one-way gate leading to the halls of Pandemonium.
 43256 | Depths:2 | Found Isimiss's Book Boutique.
 43300 | Depths:2 | You are sucked into a shaft and drop 2 floors!
 43300 | Depths:4 | Entered Level 4 of the Depths
 43388 | Depths:4 | Received a gift from Okawaru
 43482 | Depths:4 | Reached skill level 14 in Armour
 43485 | Depths:4 | Found a one-way gate to the infinite horrors of the Abyss.
 43590 | Depths:4 | Reached XP level 25. HP: 209/215 MP: 35/35
 43724 | Depths:4 | Found a magical portal.
 43733 | WizLab   | Entered Iskenderun's Mystic Tower
 44030 | WizLab   | Got Iskenderun's Parchment of Power
 44143 | Depths:4 | Received a gift from Okawaru
 44525 | Depths:2 | Found Ohusasext's Armour Emporium.
 44564 | Depths:2 | Found a runed translucent door.
 44564 | Depths:2 | Noticed frimble's ghost (adept DsGl)
 44729 | Depths:2 | Reached skill level 20 in Throwing
 44733 | Depths:2 | Reached skill level 22 in Fighting
 44769 | Depths:2 | Received a gift from Okawaru
 44774 | Depths:2 | Found a sacrificial altar of Ru.
 44815 | Depths:2 | Found Suiber's Assorted Antiques.
 44818 | Depths:2 | Bought a scroll of teleportation for 108 gold pieces
 44818 | Depths:2 | Bought a lightning rod (4/4) for 1440 gold pieces
 44969 | Pan      | Entered Pandemonium
 44980 | Pan      | Reached skill level 9 in Spellcasting
 45039 | Pan      | Noticed Ignacio
 45052 | Pan      | Killed Ignacio
 45065 | Pan      | Received a gift from Okawaru
 45293 | Pan      | Found a corrupted altar of Lugonu.
 45295 | Pan      | Found a one-way gate to the infinite horrors of the Abyss.
 45316 | Pan      | Entered the realm of Gloorx Vloq.
 45316 | Pan      | Noticed Gloorx Vloq
 45334 | Pan      | Killed Gloorx Vloq
 45335 | Pan      | Reached skill level 10 in Spellcasting
 45456 | Pan      | Got a dark rune of Zot
 45565 | Pan      | Noticed Disch the pandemonium lord
 45568 | Pan      | Received a gift from Okawaru
 45588 | Pan      | Killed Disch the pandemonium lord
 45606 | Pan      | Entered the realm of Cerebov.
 45666 | Pan      | Reached skill level 21 in Throwing
 45789 | Pan      | Identified the amulet of Pesiferu {Faith rF++ Int+4}
 45805 | Pan      | Identified the +5 flail of Intuition {protect, Dex+5}
 45806 | Pan      | Identified the +10 mace "Laugae" {heavy, ^Drain +Blink
                  | Int+3}
 45850 | Pan      | Identified the staff of the Blessed Realm {rC- rN+ Int+8
                  | Dex-5 Conj Necro}
 45861 | Pan      | Got Xykhup's Anthology of Execration
 45862 | Pan      | Identified the staff of Lust {^Drain Dex+5 Stlth+ Earth}
 45863 | Pan      | Identified the +2 scale mail "Gicatisch" {rCorr}
 45877 | Pan      | Found the +6 sword of Cerebov {flame}
 45877 | Pan      | Noticed Cerebov
 45901 | Pan      | Killed Cerebov
 45932 | Pan      | Reached skill level 23 in Fighting
 45956 | Pan      | Got a fiery rune of Zot
 45998 | Pan      | Entered the realm of Lom Lobon.
 46041 | Pan      | Received a gift from Okawaru
 46043 | Pan      | Reached skill level 15 in Armour
 46132 | Pan      | Reached skill level 22 in Throwing
 46189 | Pan      | Noticed Lom Lobon
 46223 | Pan      | Killed Lom Lobon
 46224 | Pan      | Reached XP level 26. HP: 150/229 MP: 34/37
 46232 | Pan      | Got a magical rune of Zot
 46386 | Pan      | Entered the realm of Mnoleg.
 46451 | Pan      | Received a gift from Okawaru
 46628 | Pan      | Reached skill level 24 in Fighting
 46802 | Pan      | Noticed Mnoleg
 46810 | Pan      | Killed Mnoleg
 46847 | Pan      | Received a gift from Okawaru
 46891 | Pan      | Got a glowing rune of Zot
 46970 | Pan      | Reached skill level 25 in Fighting
 47012 | Pan      | Noticed Onuan the pandemonium lord
 47023 | Pan      | Killed Onuan the pandemonium lord
 47147 | Pan      | Identified the ring of Fusodoi {Will+ Str+7 Dex+3}
 47172 | Pan      | Found an exit through the horrors of the Abyss.
 47202 | Pan      | Received a gift from Okawaru
 47301 | Pan      | Noticed Yczyqycu the pandemonium lord
 47311 | Pan      | Killed Yczyqycu the pandemonium lord
 47397 | Pan      | Got a demonic rune of Zot
 47475 | Pan      | Took an exit into the Abyss.
 47475 | Abyss:1  | Escaped into the Abyss
 47495 | Abyss:3  | Found an iron altar of Okawaru.
 47527 | Abyss:3  | Found a transporter.
 47648 | Depths:2 | Escaped the Abyss
 47689 | Hell     | Entered the Vestibule of Hell
 47689 | Hell     | Noticed Geryon
 47707 | Hell     | Killed Geryon
 48050 | Hell     | Reached skill level 26 in Fighting
 48052 | Hell     | Found a gateway to the freezing wastes of Cocytus.
 48073 | Coc:1    | Entered Level 1 of Cocytus
 48091 | Coc:1    | Received a gift from Okawaru
 48095 | Coc:1    | Reached skill level 23 in Throwing
 48135 | Coc:1    | Reached XP level 27. HP: 230/231 MP: 37/37
 48493 | Coc:4    | Paralysed by a wendigo for 1 turns
 48514 | Arena    | Entered the Arena
 48891 | Coc:6    | Noticed a dread lich
 48916 | Coc:6    | Killed a dread lich
 48916 | Coc:6    | Received a gift from Okawaru
 48967 | Coc:6    | Reached skill level 12 in Dodging
 48997 | Coc:7    | Entered Level 7 of Cocytus
 49070 | Coc:7    | Reached skill level 24 in Throwing
 49123 | Coc:7    | Paralysed by a wendigo for 1 turns
 49405 | Coc:7    | Reached skill level 13 in Dodging
 49536 | Coc:7    | Paralysed by a wendigo for 1 turns
 49610 | Coc:7    | Received a gift from Okawaru
 49611 | Coc:7    | Noticed Antaeus
 49633 | Coc:7    | Killed Antaeus
 49636 | Coc:7    | Found the +11 plutonium sword {^Contam Stlth-}
 49651 | Coc:7    | Got an icy rune of Zot
 49864 | Hell     | Reached skill level 14 in Dodging
 49888 | Hell     | Found a gateway to the decaying netherworld of Tartarus.
 50004 | Tar:1    | Entered Level 1 of Tartarus
 50041 | Tar:1    | Received a gift from Okawaru
 50228 | Tar:3    | Found a huge runed translucent gate.
 50228 | Tar:3    | Found a huge runed translucent gate.
 50228 | Tar:3    | Found a huge runed translucent gate.
 50228 | Tar:3    | Found a huge runed translucent gate.
 50228 | Tar:3    | Found a huge runed translucent gate.
 50228 | Tar:3    | Found a huge runed translucent gate.
 50228 | Tar:3    | Found a huge runed translucent gate.
 50228 | Tar:3    | Found a huge runed translucent gate.
 50228 | Tar:3    | Found a huge runed translucent gate.
 50232 | Tar:3    | Found a huge runed translucent gate.
 50232 | Tar:3    | Found a huge runed translucent gate.
 50232 | Tar:3    | Found a huge runed translucent gate.
 50232 | Tar:3    | Found a huge runed translucent gate.
 50249 | Tar:3    | Reached skill level 25 in Throwing
 50258 | Tar:3    | You are sucked into a shaft and drop 1 floor!
 50315 | Tar:5    | Received a gift from Okawaru
 50479 | Tar:5    | Reached skill level 15 in Dodging
 50587 | Tar:7    | Entered Level 7 of Tartarus
 50842 | Tar:7    | Noticed Ereshkigal
 50856 | Tar:7    | Killed Ereshkigal
 50909 | Tar:7    | Got a bone rune of Zot
 51081 | Hell     | Found a gateway to the ashen valley of Gehenna.
 51182 | Geh:1    | Entered Level 1 of Gehenna
 51305 | Geh:2    | Noticed a dread lich
 51305 | Geh:2    | Noticed a dread lich
 51305 | Geh:2    | Noticed an ancient lich
 51305 | Geh:2    | Noticed an ancient lich
 51305 | Geh:2    | Noticed a dread lich
 51305 | Geh:2    | Noticed a dread lich
 51313 | Geh:2    | Killed an ancient lich
 51320 | Arena    | Entered the Arena
 51343 | Arena    | Entered the Arena
 51345 | Arena    | Killed an ancient lich
 51365 | Geh:2    | Killed a dread lich
 51367 | Geh:2    | Killed a dread lich
 51368 | Geh:2    | Reached skill level 26 in Throwing
 51370 | Arena    | Entered the Arena
 51399 | Geh:2    | Killed a dread lich
 51406 | Geh:2    | Killed a dread lich
 51877 | Arena    | Entered the Arena
 52119 | Geh:6    | Noticed a dread lich
 52224 | Geh:6    | Killed a dread lich
 52242 | Geh:7    | Entered Level 7 of Gehenna
 52281 | Geh:7    | Reached skill level 27 in Throwing
 52423 | Geh:7    | Found the +13 sceptre of Asmodeus
 52423 | Geh:7    | Noticed Asmodeus
 52428 | Geh:7    | Reached skill level 27 in Fighting
 52428 | Geh:7    | Reached skill level 16 in Dodging
 52437 | Geh:7    | Killed Asmodeus
 52467 | Geh:7    | Found the +8 trishula "Condemnation" {holy, anguish, *Noise
                  | Fly rN+}
 52467 | Geh:7    | Found the brooch of Shielding {Spirit SH+8}
 52474 | Geh:7    | Identified the ring of Meuduock {rPois rC+ Will+ rCorr
                  | Dex-5}
 52478 | Geh:7    | Identified the +9 tower shield "Finetsutown" {rC+ Regen+
                  | Str+2 SInv} (You found it on level 7 of Gehenna)
 52498 | Geh:7    | Got an obsidian rune of Zot
 52863 | Hell     | Found a gateway to the Iron City of Dis.
 52866 | Dis:1    | Entered Level 1 of the Iron City of Dis
 52876 | Dis:1    | Noticed a dread lich
 52879 | Dis:1    | Killed a dread lich
 52879 | Dis:1    | Received a gift from Okawaru
 52979 | Dis:2    | Noticed a dread lich
 52983 | Dis:2    | Killed a dread lich
 52984 | Dis:2    | Reached skill level 16 in Armour
 53250 | Dis:4    | Reached skill level 17 in Dodging
 53593 | Dis:7    | Entered Level 7 of the Iron City of Dis
 53663 | Dis:7    | Reached skill level 17 in Armour
 53797 | Dis:7    | Received a gift from Okawaru
 53802 | Dis:7    | Reached skill level 18 in Dodging
 54079 | Dis:7    | Noticed Dispater
 54093 | Dis:7    | Noticed a juggernaut
 54098 | Dis:7    | Killed Dispater
 54102 | Dis:7    | Killed a juggernaut
 54113 | Dis:7    | Found the +2 shield of Resistance {rF++ rC++ Will++}
 54116 | Dis:7    | Found the +8 pair of quick blades "Gyre" and "Gimble"
                  | {protect}
 54119 | Dis:7    | Identified the +1 ring mail of Pandemonium {rF- Int+5}
 54126 | Dis:7    | Got an iron rune of Zot
 54494 | Tomb:1   | Entered Level 1 of the Tomb of the Ancients
 54627 | Tomb:1   | Received a gift from Okawaru
 54690 | Tomb:1   | Noticed a royal mummy
 54701 | Tomb:1   | Killed a royal mummy
 54704 | Tomb:1   | Reached skill level 5 in Translocations
 54761 | Tomb:1   | Reached skill level 18 in Armour
 54846 | Tomb:1   | Noticed a royal mummy
 54852 | Tomb:1   | Killed a royal mummy
 54854 | Tomb:1   | Noticed a royal mummy
 54861 | Tomb:1   | Killed a royal mummy
 54888 | Tomb:2   | Noticed a royal mummy
 54899 | Tomb:2   | Noticed a royal mummy
 54900 | Tomb:2   | Noticed a royal mummy
 54910 | Tomb:2   | Noticed Khufu
 54910 | Tomb:2   | Noticed a royal mummy
 54910 | Tomb:2   | Noticed a royal mummy
 54911 | Arena    | Entered the Arena
 54916 | Arena    | Killed a royal mummy
 54929 | Tomb:2   | Killed a royal mummy
 54940 | Tomb:2   | Killed Khufu
 54948 | Tomb:2   | Reached skill level 6 in Translocations
 55132 | Tomb:3   | Entered Level 3 of the Tomb of the Ancients
 55153 | Tomb:3   | Reached skill level 19 in Dodging
 55194 | Tomb:3   | Noticed a royal mummy
 55194 | Tomb:3   | Noticed a royal mummy
 55209 | Tomb:3   | Killed a royal mummy
 55210 | Tomb:3   | Reached skill level 7 in Translocations
 55211 | Tomb:3   | Received a gift from Okawaru
 55216 | Tomb:3   | Killed a royal mummy
 55349 | Tomb:3   | Noticed a royal mummy
 55357 | Tomb:3   | Killed a royal mummy
 55557 | Tomb:3   | Found the +6 arbalest "Damnation" {damnation}
 55574 | Tomb:3   | Identified the ring "Surchyck" {rF+ Str+6}
 55595 | Tomb:3   | Identified the ring of Tiovyas {Ice rN+}
 55613 | Tomb:3   | Reached skill level 8 in Translocations
 55615 | Tomb:3   | Received a gift from Okawaru
 55622 | Tomb:3   | Noticed a royal mummy
 55629 | Tomb:3   | Killed a royal mummy
 55702 | Tomb:3   | Noticed a royal mummy
 55713 | Tomb:3   | Killed a royal mummy
 55724 | Tomb:3   | Noticed a royal mummy
 55724 | Tomb:3   | Noticed a royal mummy
 55732 | Tomb:3   | Killed a royal mummy
 55733 | Tomb:3   | Reached skill level 19 in Armour
 55750 | Tomb:3   | Killed a royal mummy
 55837 | Tomb:3   | Noticed a royal mummy
 55842 | Tomb:3   | Killed a royal mummy
 55844 | Tomb:3   | Got a sanguine gem with 592 turns to spare
 55857 | Tomb:3   | Got a golden rune of Zot
 55866 | Tomb:3   | Noticed a royal mummy
 55871 | Tomb:3   | Killed a royal mummy
 55872 | Tomb:3   | Reached skill level 9 in Translocations
 56426 | Depths:4 | Voluntarily entered the Abyss.
 56429 | Abyss:3  | Found a corrupted altar of Lugonu.
 56438 | Abyss:3  | Found a corrupted altar of Lugonu.
 56644 | Abyss:3  | Got an abyssal rune of Zot
 56677 | Abyss:3  | Found a corrupted altar of Lugonu.
 56699 | Abyss:4  | Found a corrupted altar of Lugonu.
 56725 | Depths:4 | Escaped the Abyss
 56767 | Depths:4 | Reached skill level 20 in Dodging
 56788 | Depths:4 | Found Fiog's Overcharged Wands.
 56799 | Depths:4 | Bought a wand of digging (11) for 693 gold pieces
 56799 | Depths:4 | Bought a wand of digging (11) for 693 gold pieces
 56799 | Depths:4 | Bought a wand of quicksilver (18) for 1134 gold pieces
 56846 | Depths:4 | Reached skill level 18 in Shields
 56942 | Depths:4 | Found a gate to the Realm of Zot.
 56951 | Depths:4 | Got a midnight gem with 270 turns to spare
 56954 | Zot:1    | Entered Level 1 of the Realm of Zot
 56972 | Zot:1    | Received a gift from Okawaru
 57053 | Zot:1    | Reached skill level 19 in Shields
 57229 | Zot:4    | Identified the amulet "Sezxer" {Reflect rN+ SH+5}
 57336 | Zot:4    | Reached skill level 20 in Shields
 57411 | Zot:4    | Received a gift from Okawaru
 57628 | Zot:5    | Entered Level 5 of the Realm of Zot
 57744 | Zot:5    | Reached skill level 21 in Shields
 57757 | Zot:5    | Noticed a dread lich
 57759 | Zot:5    | Noticed an orb of fire
 57760 | Zot:5    | Killed a dread lich
 57760 | Zot:5    | Received a gift from Okawaru
 57767 | Zot:5    | Killed an orb of fire
 57875 | Zot:5    | Noticed a dread lich
 57881 | Zot:5    | Killed a dread lich
 57881 | Zot:5    | Received a gift from Okawaru
 57911 | Zot:5    | Got a prismatic gem with 271 turns to spare
 57942 | Zot:5    | Noticed an ancient lich
 57944 | Zot:5    | Killed an ancient lich
 57949 | Zot:5    | Reached skill level 22 in Shields
 57964 | Zot:5    | Noticed an ancient lich
 57967 | Zot:5    | Noticed a dread lich
 57969 | Zot:5    | Killed an ancient lich
 57971 | Zot:5    | Noticed an orb of fire
 57972 | Zot:5    | Killed a dread lich
 57975 | Zot:5    | Killed an orb of fire
 58026 | Zot:5    | Received a gift from Okawaru
 58054 | Zot:5    | Got the Orb of Zot
 58196 | Zot:4    | Noticed Umowuatz the pandemonium lord
 58544 | D:4      | Reached skill level 20 in Armour
 58628 | D:$      | Escaped with the Orb!

Illustrated notes

Levels and vault maps discovered:
D:1:      minmay_arrival_glassed_features, layout_basic, serial_corexii_hall,
          chequers_hall_statues_corner_a, chequers_hall_statues_wall_a,
          serial_shops, nicolae_shop_rolling_square
D:2:      layout_basic, minmay_tall_x
D:3:      layout_basic, gammafunk_temple_overflow_forgotten,
          nicolae_overflow_crystal_walls, uniq_robin
D:4:      cheibrodos_greedy_goblins, layout_basic, gup_sewer_entry_bubbles
D:5:      layout_basic, lemuel_round_altar, minmay_temple_entry_large_hall,
          serial_shops, nicolae_shop_pleasant_corner_grove, uniq_grinder,
          uniq_prince_ribbit1
D:6:      layout_gridville, mainiacjoe_overflow_swirl, serial_shops,
          nicolae_shop_window_shopping
D:7:      layout_cave_pools, lemuel_zombie_altar_yredelemnul
D:8:      layout_basic
D:9:      layout_basic, serial_shops, nicolae_lakefront_shop,
          minmay_curled_crystal, uniq_gastronok, uniq_psyche
D:10:     layout_cave_pools, lair_entry_dummy, st_stairs_14, kb_rosetta
D:11:     layout_roguey, hiddenorc2_lemuel, dreamdust_gnoll_shepherd
D:12:     layout_cave_pools, serial_shops, shop, shop, nicolae_shop_drivethru,
          nicolae_diamond_shop, nicolae_shop_overgrown_old_shop, nicolae_wwwww
D:13:     layout_basic, ximxim_vaults_locker_room, portal_ice_cave_rime,
          fedhas_altar_4
D:14:     bobbens_index_wilting_gardens, layout_basic, minivault_27, uniq_louise
D:15:     gammafunk_depths_entry_grave, layout_grid_maze, serial_glass,
          glass_columns_c, glass_columns_a, glass_columns_b, glass_columns_a,
          glass_columns_b, glass_columns_a, glass_columns_c, glass_columns_c,
          uniq_azrael
Temple:   nicolae_temple_two_arcs
Lair:1:   layout_loops_ring, uniq_sonja
Lair:2:   layout_long_grid, elwin_shoals_entry_stream, minmay_hedge_maze,
          grunt_megastairs_4, serial_bayou_shore_a
Lair:3:   layout_regular_city, spider_nest_entry_funnel_web,
          nicolae_quartered_pool_super, grunt_megastairs_3, uniq_nergalle
Lair:4:   regret_index_wax_grids, layout_layer_cave, slime_entry_1, uniq_snorg
Lair:5:   hangedman_lair_tendril_chambers, layout_loops_ring, wormcave
Shoals:1: nicolae_shoals_offshore_bank_account, layout_shoals,
          lemuel_altar_in_water
Shoals:2: layout_shoals, kb_tengu_band, uniq_roxanne, uniq_polyphemus
Shoals:3: layout_shoals, serial_shops, nicolae_shop_stone, nzn_prometheus_bound,
          uniq_ilsuiw
Shoals:4: shoals_end_hellmonk_holy_island
Spider:1: layout_spider_delve, hangedman_spider_tarantella_strand, uniq_rupert,
          uniq_kirke, uniq_donald
Spider:2: layout_cave_pods, nicolae_spider_not_touching_you
Spider:3: layout_cave_pods
Spider:4: grunt_spider_rune_parallel
Slime:1:  layout_caves
Slime:2:  layout_caves
Slime:3:  layout_caves
Slime:4:  layout_caves
Slime:5:  slime_pit_nicolae_trefoil
Orc:1:    layout_caves
Orc:2:    grunt_orc_community_town_hall, layout_caves,
          grunt_orc_community_big_house_2, grunt_orc_community_big_house_1,
          grunt_orc_community_house_2, grunt_orc_community_house_3,
          grunt_orc_community_house_1, grunt_orc_community_house_1,
          grunt_orc_community_house_3, grunt_orc_community_house_1,
          einodemon_armed_red_devil_minivault, uniq_erolcha, uniq_saint_roka
Elf:1:    layout_geoelf_octagon, serial_shops, nicolae_shop_tiny_glass,
          special_room [special_room_mythical_zoo], minmay_elf_demonology,
          elves_outpost_lemuel
Elf:2:    nicolae_elf_blades_crystal_corner, layout_loops_cross, serial_shops,
          nicolae_book_shop_shelving
Elf:3:    grunt_elf_hall_branching, layout_rooms, minmay_shop_grove
Vaults:1: v_alt_pattern_2, v_misc_12, hangedman_vaults_hat, v_pattern_1,
          nicolae_vaults_closet_pinwheel_4, grunt_vaults_bifocal,
          nicolae_vaults_alarming, st_lattice, ontoclasm_vaults_bender,
          nicolae_vaults_house_1, vaults_dpeg_emergency_exit, v_misc_13,
          nicolae_vaults_trapezoid_lopsided_1, vaults_room_stairs_pillars,
          layout_vaults_omnicross
Vaults:2: gammafunk_sealed_arena, nicolae_vaults_little_ls,
          nicolae_vaults_diagonal_hallway_8, vaults_dpeg_encased_lava,
          ontoclasm_vaults_ring_small, hangedman_vaults_unwind,
          nicolae_vaults_stairing_the_circle, ontoclasm_vaults_pinch,
          layout_vaults_big_room
Vaults:3: minmay_crypt_entry_necro_gods, nicolae_vaults_heist,
          grunt_vaults_focal, nicolae_vaults_diffraction_hallways,
          nicolae_vaults_double_plus_1, nicolae_vaults_tetromino_T_1,
          layout_vaults_omnigrid
Vaults:4: nicolae_vaults_closet_pinwheel_5, grunt_vaults_hallway_short,
          v_misc_24, v_misc_10, nicolae_vaults_museum,
          nicolae_vaults_wine_cellar, nicolae_vaults_yaktaur_gun_rack,
          hangedman_vaults_stagger, ontoclasm_vaults_fault,
          grunt_vaults_hallway_short, hangedman_vaults_locks, vaults_room_pool,
          layout_vaults_omnibox
Vaults:5: uniq_margery
Crypt:1:  layout_misc_corridors, minivault_19, grunt_megastairs_5,
          grunt_crypt_arrival_webbed, uniq_sojobo
Crypt:2:  layout_gridlike, uniq_josephina
Crypt:3:  grunt_crypt_end_deaths_head
Tomb:1:   uniq_mennas
Tomb:2:   uniq_khufu
Tomb:3
Depths:1: layout_cave_pools, enter_ziggurat_c, nicolae_trove_entry_diagonal,
          hell_entry, nicolae_elyvilon_peaceful_grove, nicolae_wooded_promenade,
          minmay_serpent_palace
Depths:2: kennysheep_ambush_hall, layout_gridlike, hell_entry,
          gammafunk_ghost_grave, serial_shops, nicolae_stop_n_shop_1,
          kennysheep_mini, nicolae_shop_crystal, shop, serial_co_window_serial,
          co_window_cross_1, co_window_corner_a, co_window_paths_a,
          co_window_cross_1, co_window_paths_a, co_window_paths_c,
          co_window_unsneaky_path_a, co_window_paths_c, co_window_paths_c,
          co_window_corner_b, co_window_cross_4, glass_columns_a,
          glass_columns_a, pan_entry, nicolae_ru_sacrificial_ziggurat,
          minmay_staircase_statues, serial_bayou_shore_b
Depths:3: minmay_triangles_in_corner, layout_honeycomb,
          abyss_entry_small_statue_room, hell_entry, uniq_mara
Depths:4: grunt_bruiser_brothers, layout_basic, mu_enter_wizlab_3, hell_entry,
          nicolae_abyss_entry_one_way_or_another, nrook_uturn,
          nicolae_shop_overcharged_wands, infiniplex_staircase_pool_lava
Hell
Dis:1:    layout_jigsaw
Dis:2:    layout_gridville, nicolae_dis_strange_trophy_room
Dis:3:    layout_gridville, lemuel_mystery_crypt
Dis:4:    layout_regular_city
Dis:5:    layout_regular_city
Dis:6:    layout_jigsaw, minmay_strange_pillars
Dis:7:    dis_hangedman
Geh:1:    layout_gehenna_pools_triple, lemuel_flamethrower_2
Geh:2:    layout_gehenna_pools_box, nicolae_geh_liches_on_tour
Geh:3:    layout_gehenna_pools_basic
Geh:4:    layout_gehenna_pools_basic
Geh:5:    layout_gehenna_pools_box
Geh:6:    layout_gehenna_lava_caves
Geh:7:    geh_mu
Coc:1:    layout_ice_bergs
Coc:2:    layout_cocytus_water_paths
Coc:3:    layout_cocytus_water_paths
Coc:4:    layout_cocytus_delve, grunt_cocytus_stairs_refrigerator
Coc:5:    layout_cocytus_water_paths
Coc:6:    layout_ice_bergs
Coc:7:    coc_grunt
Tar:1:    layout_cathedral_of_symmetry, grunt_tartarus_stairs_gauntlet_trap
Tar:2:    layout_honeycomb
Tar:3:    layout_honeycomb, door_vault
Tar:4:    layout_catacombs, nicolae_hells_fiendish_ambush
Tar:5:    layout_honeycomb
Tar:6:    layout_grid_maze, nicolae_tar_honey_chapel
Tar:7:    tar_mu [tar_mu_maze]
Zot:1:    layout_basic, regret_index_zotdec_twisting_globes
Zot:2:    layout_gridlike
Zot:3:    layout_basic
Zot:4:    regret_index_malice_mire, layout_misc_corridors,
          hangedman_zot_decor_slant, lemuel_elevator
Zot:5:    layout_concentric_octagons, kennysheep_underground_church

Skill      XL: |  1  2  3  4  5  6  7  8  9 10 11 12 13 14 15 16 17 18 19 20 21 22 23 24 25 26 27 |
---------------+----------------------------------------------------------------------------------+-----
Maces & Flails | 2 3 4 5 6 7 9 10 11 12 | 12.0
Armour         | 3 4 5 6 8 9 10 11 14 15 20 | 20.0
Shields        | 3 4 6 8 10 11 12 13 14 15 16 17 22 | 22.0
Fighting       | 4 5 7 8 9 10 11 13 14 15 16 18 19 20 21 23 26 27 | 27.0
Invocations    | 3 4 6 7 9 11 12 13 14 15 | 15.0
Throwing       | 2 4 6 8 10 11 12 13 14 15 16 18 19 22 23 27 | 27.0
Dodging        | 3 5 6 8 9 10 11 20 | 20.5
Evocations     | 2 4 6 |  6.0
Spellcasting   | 1 8 10 | 10.0
Translocations | 4 9 |  9.5

Action                     |  1- 3 |  4- 6 |  7- 9 | 10-12 | 13-15 | 16-18 | 19-21 | 22-24 | 25-27 || total
---------------------------+-------+-------+-------+-------+-------+-------+-------+-------+-------++-------
  Melee: Whip              |   129 |    57 |   283 |   497 |       |       |       |       |       ||   966
         Flail             |    11 |       |       |       |       |       |       |       |       ||    11
         Mace              |       |    80 |   115 |    61 |       |       |       |       |       ||   256
         Demon whip        |       |       |       |   170 |  1553 |  1759 |  1612 |  2153 |  1990 ||  9237
         Eveningstar       |       |       |       |       |       |       |       |       |   534 ||   534
  Throw: Dart              |       |       |       |     9 |     6 |     4 |     2 |       |       ||    21
         Boomerang         |       |       |       |    24 |    38 |   180 |   253 |   400 |  1113 ||  2008
         Javelin           |       |       |       |       |     3 |    29 |    69 |    37 |   960 ||  1098
         Throwing net      |       |       |       |       |       |       |       |       |     4 ||     4
   Cast: Apportation       |       |       |       |       |       |       |     1 |       |   342 ||   343
         Blink             |       |       |       |       |       |       |       |     1 |     4 ||     5
 Invoke: Heroism           |       |       |     3 |     6 |     9 |    15 |    18 |    18 |    39 ||   108
         Finesse           |       |       |       |     5 |     3 |     5 |     7 |    11 |    55 ||    86
         Receive Weapon    |       |       |       |     1 |       |       |       |       |       ||     1
         Receive Armour    |       |       |       |     1 |       |       |       |       |       ||     1
         Duel              |       |       |       |       |       |       |       |       |     6 ||     6
  Evoke: Wand              |       |       |       |       |       |     3 |     4 |     4 |    15 ||    26
    Use: Scroll            |       |     1 |     7 |     7 |     5 |     5 |    11 |    17 |    32 ||    85
   Stab: Petrified         |       |       |       |       |       |       |       |     5 |       ||     5
         Petrifying        |       |       |       |       |       |       |       |     2 |       ||     2
         Distracted        |       |       |       |       |       |       |       |       |     1 ||     1
 Armour: Scale mail        |    63 |   122 |   214 |     5 |       |       |       |       |       ||   404
         Plate armour      |       |       |       |   405 |   663 |  1017 |   132 |       |       ||  2217
         Fire dragon scale |       |       |       |       |       |       |   418 |   697 |  1152 ||  2267
  Dodge: Dodged            |    73 |   116 |   196 |   205 |   194 |   272 |   278 |   443 |   719 ||  2496
         Repelled          |     2 |     1 |     4 |     1 |     4 |       |     9 |       |       ||    21
  Block: Buckler           |    29 |    58 |    88 |    68 |       |       |       |       |       ||   243
         Tower shield      |       |       |       |   267 |   989 |  1554 |   926 |  1663 |  2985 ||  8384
         Kite shield       |       |       |       |       |       |       |    57 |       |       ||    57

Table legend:
 A = Kills in this place as a percentage of kills in the entire game.
 B = Kills by you in this place as a percentage of kills by you in the entire game.
 C = Kills by friends in this place as a percentage of kills by friends in the entire game.
 D = Other kills in this place as a percentage of other kills in the entire game.
 E = Experience gained in this place as a percentage of experience gained in the entire game.
 F = Experience gained in this place divided by the number of levels of this place that you have seen.
                   A       B       C       D       E      F
               +-------+-------+-------+-------+-------+----------------------
         Total | 100.0 | 100.0 |   N/A | 100.0 | 100.0 | 21264.5
       Dungeon |  12.3 |  12.3 |   N/A |   0.0 |   4.0 | 7029.8
          Lair |   6.7 |   6.7 |   N/A |   0.0 |   2.6 | 13881.8
        Shoals |   3.9 |   3.8 |   N/A |  14.3 |   3.2 | 21056.2
   Spider Nest |   6.6 |   6.6 |   N/A |   0.0 |   3.9 | 25719.8
    Slime Pits |   1.8 |   1.8 |   N/A |   0.0 |   2.1 | 11285.6
  Orcish Mines |   5.0 |   4.9 |   N/A |  14.3 |   1.0 | 12711.5
   Elven Halls |   4.9 |   4.9 |   N/A |  14.3 |   4.9 | 42793.0
        Vaults |   9.0 |   9.0 |   N/A |   0.0 |  10.9 | 57505.6
         Crypt |   5.0 |   5.0 |   N/A |  14.3 |   4.7 | 41545.3
          Tomb |   6.4 |   6.4 |   N/A |   0.0 |   7.6 | 67192.7
        Depths |   5.7 |   5.7 |   N/A |  14.3 |   6.5 | 42612.0
          Hell |   2.1 |   2.1 |   N/A |   0.0 |   2.1 | 55109.0
           Dis |   3.0 |   3.0 |   N/A |   0.0 |   6.1 | 22990.4
       Gehenna |   3.1 |   3.1 |   N/A |  14.3 |   5.9 | 22167.3
       Cocytus |   6.0 |   6.0 |   N/A |  14.3 |   8.5 | 32166.7
      Tartarus |   2.5 |   2.5 |   N/A |   0.0 |   4.1 | 15630.0
           Zot |   3.6 |   3.6 |   N/A |   0.0 |   7.7 | 40484.6
         Abyss |   1.3 |   1.3 |   N/A |   0.0 |   1.0 | 5502.0
   Pandemonium |   6.9 |   6.9 |   N/A |   0.0 |   9.6 | 21002.8
      Ziggurat |   2.6 |   2.6 |   N/A |   0.0 |   2.3 | 6048.5
      Ice Cave |   0.8 |   0.8 |   N/A |   0.0 |   0.1 | 3639.0
        Wizlab |   0.7 |   0.7 |   N/A |   0.0 |   0.6 | 16358.0
         Arena |   0.2 |   0.2 |   N/A |   0.0 |   0.5 | 2029.0
               +-------+-------+-------+-------+-------+----------------------

Table legend: (Time is in decaauts)
 A = Elapsed time spent in this place.
 B = Non-inter-level travel time spent in this place.
 C = Inter-level travel time spent in this place.
 D = Time resting spent in this place.
 E = Time spent auto-exploring this place.
 F = Levels seen in this place.
 G = Mean time per level.
                   A        B        C        D        E       F      G
               +--------+--------+--------+--------+--------+-----+--------+
         Total |  53122 |  48790 |   4332 |   3800 |  15346 | 124 |  428.4 |
       Dungeon |  13417 |  12044 |   1373 |    663 |   7619 |  15 |  894.5 |
        Temple |     18 |      9 |      9 |      0 |      0 |   1 |   18.0 |
          Lair |   5937 |   5325 |    612 |    268 |   3506 |   5 | 1187.4 |
        Shoals |   3283 |   3139 |    144 |    444 |   1303 |   4 |  820.8 |
   Spider Nest |   4045 |   3804 |    241 |    387 |   1398 |   4 | 1011.2 |
    Slime Pits |    602 |    536 |     66 |     97 |      0 |   5 |  120.4 |
  Orcish Mines |   1950 |   1769 |    181 |     28 |   1033 |   2 |  975.0 |
   Elven Halls |   2393 |   2254 |    139 |     82 |    357 |   3 |  797.7 |
        Vaults |   4551 |   4140 |    411 |     77 |     33 |   5 |  910.2 |
         Crypt |   2560 |   2125 |    435 |    156 |      0 |   3 |  853.3 |
          Tomb |   1450 |   1375 |     75 |    132 |      0 |   3 |  483.3 |
        Depths |   2775 |   2480 |    295 |    157 |      0 |   4 |  693.8 |
          Hell |    493 |    493 |      0 |    113 |      0 |   1 |  493.0 |
           Dis |   1156 |   1154 |      2 |     68 |      0 |   7 |  165.1 |
       Gehenna |   1429 |   1408 |     21 |    381 |      0 |   7 |  204.1 |
       Cocytus |   1364 |   1324 |     40 |    400 |      0 |   7 |  194.9 |
      Tartarus |    949 |    695 |    254 |     87 |      0 |   7 |  135.6 |
           Zot |   1074 |   1047 |     27 |      0 |      0 |   5 |  214.8 |
         Abyss |    387 |    387 |      0 |      0 |      0 |   5 |   77.4 |
   Pandemonium |   1944 |   1944 |      0 |     25 |      0 |  12 |  162.0 |
      Ziggurat |    555 |    555 |      0 |    126 |      0 |  10 |   55.5 |
         Trove |     44 |     44 |      0 |      0 |      0 |   1 |   44.0 |
      Ice Cave |    328 |    328 |      0 |      0 |     97 |   1 |  328.0 |
        Wizlab |    293 |    293 |      0 |     93 |      0 |   1 |  293.0 |
         Arena |    112 |    112 |      0 |     13 |      0 |   6 |   18.7 |
               +--------+--------+--------+--------+--------+-----+--------+

Top non-repeatable levels by time:
  Lair:5: 1688 daAuts
   Orc:2: 1497 daAuts
    D:14: 1446 daAuts
Spider:3: 1284 daAuts
     D:9: 1269 daAuts
    D:15: 1238 daAuts
  Lair:4: 1231 daAuts
 Crypt:3: 1213 daAuts
     D:2: 1173 daAuts
Spider:2: 1127 daAuts
  Lair:2: 1111 daAuts
  Lair:3: 1056 daAuts
Vaults:2: 1045 daAuts
     D:4: 1009 daAuts
     D:5: 974 daAuts
